Workbook

Sheet ACTA 1 TERRON
D1: FECHA DE ESTA ACTA: | H1: 30 DE ABRIL DE 2026 | M1: FECHAS | U1: CAUSA | V1: DESCRIPCION DE CAUSA DE MAYOR CANTIDAD DE OBRA | Z1: EN CALI VALE DEL CAUCA A LOS TREINTA (30) DIAS DEL MES DE ABRIL DE 2026 SE REUNIERON LOS SEÑORES: ARQ. HECTOR MARIO LONDOÑO TOVAR EN SU CALIDAD DE REPRESENTANTE LEGAL DEL CONSORCIO CENTRO DE SALUD TERRON COLORADO Y COMO DIRECTOR DE OBRA PARA EL PROYECTO "OBRAS NECESARIAS DE REPOSICION PARA EL MEJORAMIENO DE LA IPS TERRON COLORADO, EN DESARROLLO DEL PROYECTO "FORTALECIMIENTO DE LA CAPACIDAD DE OPERACIÓN DE LA RED DE SALUD LADERA E.S.E. EN SANTIAGO DE CALI" CON FICHA BP-26005919, EN MARCO DEL CONVENIO INTERADMINISTRATIVO No. 4145.010.27.1.006-2025", EL ING. MARCO HERNAN HOYOS OSORIO, EN REPRESENTACION LEGAL DE CONSORCIO INTER HTC, COMO INTERVENTOR DEL ENTE CONTRATANTE, DARWIN STEVEN ZAPATA FORERO COMO SUPERVISOR DEL CONTRATO DE LA ENTIDAD CONTRATANTE, CON EL OBJETO DE EVALUAR EL DESARROLLO DE LAS OBRAS Y HACER EL RECIBO DEL INFORME DE OBRA No. 1 DE LAS MISMAS DE ACUERDO CON LAS CANTIDADES QUE SE ANOTAN A CONTINUACION
D2: CONTRATO No. | H2: 00-2025-JCON-303 | M2: FECHA DE INICIO DE OBRA | Q2: 30 DE DICIEMBRE DE 2025 | U2: A | V2: MAYOR CANTIDAD NO PRESUPUESTADA
D3: CONTRATISTA | H3: CONSORCIO CENTRO DE SALUD TERRON COLORADO | M3: FECHA DE TERMINACION No. 01 | Q3: 30 DE ABRIL DE 2027 | U3: B | V3: MAYOR CANTIDAD POR CAMBIOS ARQUITECTONICOS
D4: NIT | H4: 902.019.652-8 | M4: PRORROGA No. 1 | Q4: N/A | U4: C | V4: MAYOR CANTIDAD POR CAMBIOS ESTRUCTURALES
D5: VALOR INICIAL | H5: 25437758125 | M5: FECHA DE SUSPENSION No. 1 | Q5: N/A | U5: D | V5: OBRA NO PRESUPUESTADA PERO ESTABA EN PLANOS
D6: CERTIFICADO DE DISPONIBILIDAD PRESUPUESTAL | H6: 00-2025-PDIS-773 | M6: FECHA DE REINICO No.1 | Q6: N/A | U6: E | V6: OBRA NUEVA POR CAMBIOS APROBADOS
D7: PLAZO | H7: DIECISEIS (16) MESES | M7: FECHA DE TERMINACION No. 1 | Q7: N/A | U7: F | V7: OBRA NUEVA - CAMBIO DE CONDICIONES
D8: OBJETO | H8: REALIZAR LAS OBRAS NECESARIAS DE REPOSICION PARA EL MEJORAMIENO DE LA IPS TERON COLORADO, EN DESARROLLO DEL PROYECTO "FORTALECIMIENTO DE LA CAPACIDAD DE OPERACIÓN DE LA RED DE SALUD LADERA E.S.E. EN SANTIAGO DE CALI" CON FICHA BP-26005919, EN MARCO DEL CONVENIO INTERADMINISTRATIVO No. 4145.010.27.1.006-2025" | M8: PRORROGA No. 2 | Q8: N/A | U8: G | V8: CAMBIO DE CONDICIONES INICIALES
D9: INTERVENTORIA | H9: CONSORCIO INTER HTC - RL. ING. MARCO HERNAN HOYOS OSORIO | M9: FECHA DE TERMINACION PRORROGA No. 2 | Q9: N/A
D10: SUPERVISORIA | H10: RED DE SALUD DE LADERA E.S.E .DR. DARWIN STEVEN ZAPATA FORERO
A12: Item | B12: DESCRIPCION | C12: UND | D12: CONTRATO ORIGINAL | G12: % PORCENTAJE DE INCIDENCIA INICIAL | H12: ACTA DE BALANCE Nº. 01 DEL CONTRATO No. 00-2025-JCON-303 | U12: ACTA DE BALANCE Nº. 1 | X12: ACTA DE BALANCE Nº. 2 | Z12: ACTA DE BALANCE Nº. 3 | AB12: Acta de Informe No. 04 | AD12: ACTIVIDADES AL 100% DE EJECUCION PARA SABER PRESUPUESTO LIBRE | AF12: TOTAL | AI12: % DE INCIDENCIA FINAL | AK12: Acta de Informe No. 03a | AL12: Acta de Informe No. 03B | AM12: Acta de Informe No. 03a+b | AN12: % DE INCIDENCIA FINAL
AF13: ACUMULADO
H14: Obras contratadas ejecutadas mayor cantidad | J14: Obras contratadas ejecutadas menor cantidad | L14: Obras contratadas no ejecutadas | N14: OBRAS ADICIONALES | P14: OBRAS REALMENTE EJECUTADAS CONTRADAS | R14: Cantidad Total | S14: VALOR TOTAL
D15: Cantidad | E15: Vr.Unitario | F15: Vr.Parcial | U15: Cantidad | V15: Valor | X15: Cantidad | Y15: Valor | Z15: Cantidad | AA15: Valor | AB15: Cantidad | AC15: Valor | AD15: Cantidad | AE15: Valor | AF15: Cantidad Ejecutada | AG15: % | AH15: Valor | AK15: Cantidad Ejecutada | AL15: % | AM15: Valor
N16: Cantidad total | O16: valor total | P16: Cantidad total | Q16: valor total | U16: Ejecutada | X16: Ejecutada | Z16: Ejecutada | AB16: Ejecutada | AD16: Ejecutada
A18: PRELIMINARES
A20: 1 | B20: OBRAS PRELIMINARES MOVIEMIENTOS DE TIERRA Y DEMOLICIONES
A22: 1.1 | B22: EXCAVACION A MAQUINA SIN RETIRO | C22: M3 | D22: 2850.4 | E22: 17900 | F22: =D22*E22 -> 51022160 | G22: =F22*1/$F$885 -> 0.0020057648 | H22: =IF(D22-AF22<0,AF22-D22,0) -> 1333.16 | I22: =E22*H22 -> 23863564 | J22: =IF(D22-AF22>0,AF22-D22,0) -> 0 | K22: =E22*J22 -> 0 | L22: =IF(AF22=0,D22,0) -> 0 | M22: =L22*E22 -> 0 | P22: =D22+H22+J22-L22 -> 4183.56 | Q22: =E22*P22 -> 74885724 | R22: =AF22 -> 4183.56 | S22: =E22*R22 -> 74885724 | U22: 4183.56 | V22: =E22*U22 -> 74885724 | X22: 0 | Y22: =E22*X22 -> 0 | Z22: 0 | AA22: =E22*Z22 -> 0 | AB22: 0 | AC22: =AB22*E22 -> 0 | AD22: 0 | AE22: =AD22*E22 -> 0 | AF22: =U22+X22+Z22 -> 4183.56 | AG22: =AF22/D22 -> 1.4677098 | AH22: =E22*AF22 -> 74885724 | AI22: =AH22*1/$E$895 -> 0.0029438807 | AK22: =U22+X22+Z22+AB22+#REF!+#REF!+AD22 -> #REF! | AL22: =AF22/D22 -> 1.4677098 | AM22: =E22*AK22 -> #REF! | AN22: =AM22*1/$E$895 -> #REF!
A23: 1.2 | B23: EXCAVACION EN ROCA | C23: M3 | D23: 10 | E23: 70000 | F23: =D23*E23 -> 700000 | G23: =F23*1/$F$885 -> 2.7518148e-05 | H23: =IF(D23-AF23<0,AF23-D23,0) -> 0 | I23: =E23*H23 -> 0 | J23: 0 | K23: =E23*J23 -> 0 | L23: =IF(AF23=0,D23,0) -> 10 | M23: =L23*E23 -> 700000 | P23: =D23+H23+J23-L23 -> 0 | Q23: =E23*P23 -> 0 | R23: =AF23 -> 0 | S23: =E23*R23 -> 0 | U23: 0 | V23: =E23*U23 -> 0 | X23: 0 | Y23: =E23*X23 -> 0 | Z23: 0 | AA23: =E23*Z23 -> 0 | AF23: =U23+X23+Z23 -> 0 | AG23: =AF23/D23 -> 0 | AH23: =E23*AF23 -> 0 | AI23: =AH23*1/$E$895 -> 0
A24: 1.3 | B24: RELLENO MATERIAL SITIO COMPACTADO CILINDRO | C24: M3 | D24: 300.6 | E24: 21000 | F24: =D24*E24 -> 6312600 | G24: =F24*1/$F$885 -> 0.00024815866 | H24: =IF(D24-AF24<0,AF24-D24,0) -> 38.78 | I24: =E24*H24 -> 814380 | J24: 0 | K24: =E24*J24 -> 0 | L24: =IF(AF24=0,D24,0) -> 0 | M24: =L24*E24 -> 0 | P24: =D24+H24+J24-L24 -> 339.38 | Q24: =E24*P24 -> 7126980 | R24: =AF24 -> 339.38 | S24: =E24*R24 -> 7126980 | U24: 339.38 | V24: =E24*U24 -> 7126980 | X24: 0 | Y24: =E24*X24 -> 0 | Z24: 0 | AA24: =E24*Z24 -> 0 | AF24: =U24+X24+Z24 -> 339.38 | AG24: =AF24/D24 -> 1.1290086 | AH24: =E24*AF24 -> 7126980 | AI24: =AH24*1/$E$895 -> 0.00028017327
A25: 1.4 | B25: RELLENO ROCAMUERTA COMPACT-SALTARIN | C25: M3 | D25: 42.55 | E25: 85000 | F25: =D25*E25 -> 3616750 | G25: =F25*1/$F$885 -> 0.00014218038 | H25: =IF(D25-AF25<0,AF25-D25,0) -> 51.43 | I25: =E25*H25 -> 4371550 | J25: 0 | K25: =E25*J25 -> 0 | L25: =IF(AF25=0,D25,0) -> 0 | M25: =L25*E25 -> 0 | P25: =D25+H25+J25-L25 -> 93.98 | Q25: =E25*P25 -> 7988300 | R25: =AF25 -> 93.98 | S25: =E25*R25 -> 7988300 | U25: 93.98 | V25: =E25*U25 -> 7988300 | X25: 0 | Y25: =E25*X25 -> 0 | Z25: 0 | AA25: =E25*Z25 -> 0 | AF25: =U25+X25+Z25 -> 93.98 | AG25: =AF25/D25 -> 2.2086957 | AH25: =E25*AF25 -> 7988300 | AI25: =AH25*1/$E$895 -> 0.00031403318
A26: 1.5 | B26: CONFIGURACION NIVELACION TERRENO | C26: M2 | D26: 1018 | E26: 4500 | F26: =D26*E26 -> 4581000 | G26: =F26*1/$F$885 -> 0.00018008662 | H26: =IF(D26-AF26<0,AF26-D26,0) -> 366 | I26: =E26*H26 -> 1647000 | J26: 0 | K26: =E26*J26 -> 0 | L26: =IF(AF26=0,D26,0) -> 0 | M26: =L26*E26 -> 0 | P26: =D26+H26+J26-L26 -> 1384 | Q26: =E26*P26 -> 6228000 | R26: =AF26 -> 1384 | S26: =E26*R26 -> 6228000 | U26: 1384 | V26: =E26*U26 -> 6228000 | X26: 0 | Y26: =E26*X26 -> 0 | Z26: 0 | AA26: =E26*Z26 -> 0 | AF26: =U26+X26+Z26 -> 1384 | AG26: =AF26/D26 -> 1.3595285 | AH26: =E26*AF26 -> 6228000 | AI26: =AH26*1/$E$895 -> 0.0002448329
A27: 1.6 | B27: DEMOLICION EDIFICACION EXISTENTE | C27: M2 | D27: 3900 | E27: 68000 | F27: =D27*E27 -> 265200000 | G27: =F27*1/$F$885 -> 0.010425447 | H27: =IF(D27-AF27<0,AF27-D27,0) -> 0 | I27: =E27*H27 -> 0 | J27: =IF(D27-AF27>0,AF27-D27,0) -> -2204.93 | K27: =E27*J27 -> -1.4993524e+08 | L27: =IF(AF27=0,D27,0) -> 0 | M27: =L27*E27 -> 0 | P27: =D27+H27+J27-L27 -> 1695.07 | Q27: =E27*P27 -> 1.1526476e+08 | R27: =AF27 -> 1695.07 | S27: =E27*R27 -> 115264760 | U27: 1695.07 | V27: =E27*U27 -> 115264760 | X27: 0 | Y27: =E27*X27 -> 0 | Z27: 0 | AA27: =E27*Z27 -> 0 | AF27: =U27+X27+Z27 -> 1695.07 | AG27: =AF27/D27 -> 0.43463333 | AH27: =E27*AF27 -> 115264760 | AI27: =AH27*1/$E$895 -> 0.0045312468
A28: 1.7 | B28: CARGUE Y RETIRO DE SOBRANTES A MAQUINA <=10 KMS | C28: M3 | D28: 5681.8 | E28: 49000 | F28: =D28*E28 -> 278408200 | G28: =F28*1/$F$885 -> 0.010944683 | H28: =IF(D28-AF28<0,AF28-D28,0) -> 636.31 | I28: =E28*H28 -> 31179190 | J28: =IF(D28-AF28>0,AF28-D28,0) -> 0 | K28: =E28*J28 -> 0 | L28: =IF(AF28=0,D28,0) -> 0 | M28: =L28*E28 -> 0 | P28: =D28+H28+J28-L28 -> 6318.11 | Q28: =E28*P28 -> 309587390 | R28: =AF28 -> 6318.11 | S28: =E28*R28 -> 309587390 | U28: 6318.11 | V28: =E28*U28 -> 309587390 | X28: 0 | Y28: =E28*X28 -> 0 | Z28: 0 | AA28: =E28*Z28 -> 0 | AF28: =U28+X28+Z28 -> 6318.11 | AG28: =AF28/D28 -> 1.1119909 | AH28: =E28*AF28 -> 309587390 | AI28: =AH28*1/$E$895 -> 0.012170388
B30: SUBTOTAL OBRAS PRELIMINARES MOVIEMIENTOS DE TIERRA Y DEMOLICIONES | F30: =SUM(F22:F28) -> 609840710 | I30: =SUM(I22:I29) -> 61875684 | K30: =SUM(K22:K28) -> -1.4993524e+08 | M30: =SUM(M22:M28) -> 700000 | Q30: =SUM(Q22:Q28) -> 521081154 | S30: =SUM(S22:S28) -> 521081154 | V30: =SUM(V22:V28) -> 521081154 | Y30: =SUM(Y22:Y28) -> 0 | AA30: =SUM(AA22:AA28) -> 0 | AC30: =SUM(AC22:AC22) -> 0 | AE30: =SUM(AE22:AE22) -> 0 | AH30: =SUM(AH22:AH28) -> 521081154 | AK30: =U30+X30+Z30+AB30+#REF!+#REF!+AD30 -> #REF! | AM30: =SUM(AM22:AM22) -> #REF!
F31: =F30*1/$F$885 -> 0.023973839 | G31: =SUM(G22:G28) -> 0.023973839 | AG31: =AH30*1/F30 -> 0.85445452 | AI31: =SUM(AI22:AI28) -> 0.020484555 | AK31: =U31+X31+Z31+AB31+#REF!+#REF!+AD31 -> #REF! | AL31: =AM30*1/F30 -> #REF! | AN31: =SUM(AN22:AN22) -> #REF!
A32: 2 | B32: OBRAS PRELIMINARES | AK32: =U32+X32+Z32+AB32+#REF!+#REF!+AD32 -> #REF!
AD33: 0 | AE33: =AD33*E33 -> 0 | AK33: =U33+X33+Z33+AB33+#REF!+#REF!+AD33 -> #REF! | AL33: =AF33/D33 -> #DIV/0! | AM33: =E33*AK33 -> #REF! | AN33: =AM33*1/$E$895 -> #REF!
A34: 2.1 | B34: EXCAVACION MATERIAL COMUN Y/O CONGLOMERADO A MANO ENTRE 0-2 M | C34: M3 | D34: 292.8 | E34: 35000 | F34: =D34*E34 -> 10248000 | G34: =F34*1/$F$885 -> 0.00040286569 | H34: =IF(D34-AF34<0,AF34-D34,0) -> 253.43 | I34: =E34*H34 -> 8870050 | J34: 0 | K34: =E34*J34 -> 0 | L34: =IF(AF34=0,D34,0) -> 0 | M34: =L34*E34 -> 0 | P34: =D34+H34+J34-L34 -> 546.23 | Q34: =E34*P34 -> 19118050 | R34: =AF34 -> 546.23 | S34: =E34*R34 -> 19118050 | U34: 546.23 | V34: =E34*U34 -> 19118050 | X34: 0 | Y34: =E34*X34 -> 0 | Z34: 0 | AA34: =E34*Z34 -> 0 | AB34: 0 | AC34: =AB34*E34 -> 0 | AD34: 0 | AE34: =AD34*E34 -> 0 | AF34: =U34+X34+Z34 -> 546.23 | AG34: =AF34/D34 -> 1.8655396 | AH34: =E34*AF34 -> 19118050 | AI34: =AH34*1/$E$895 -> 0.00075156191 | AK34: =U34+X34+Z34+AB34+#REF!+#REF!+AD34 -> #REF! | AL34: =AF34/D34 -> 1.8655396 | AM34: =E34*AK34 -> #REF! | AN34: =AM34*1/$E$895 -> #REF!
A35: 2.2 | B35: EXCAVACION TIERRA MANO BAJO AGUA H=2.0 | C35: M3 | D35: 5 | E35: 31000 | F35: =D35*E35 -> 155000 | G35: =F35*1/$F$885 -> 6.0933043e-06 | H35: =IF(D35-AF35<0,AF35-D35,0) -> 0 | I35: =E35*H35 -> 0 | J35: 0 | K35: =E35*J35 -> 0 | L35: =IF(AF35=0,D35,0) -> 5 | M35: =L35*E35 -> 155000 | P35: =D35+H35+J35-L35 -> 0 | Q35: =E35*P35 -> 0 | R35: =AF35 -> 0 | S35: =E35*R35 -> 0 | U35: 0 | V35: =E35*U35 -> 0 | X35: 0 | Y35: =E35*X35 -> 0 | Z35: 0 | AA35: =E35*Z35 -> 0 | AF35: =U35+X35+Z35 -> 0 | AG35: =AF35/D35 -> 0 | AH35: =E35*AF35 -> 0 | AI35: =AH35*1/$E$895 -> 0
A36: 2.3 | B36: PROTECCION TALUDES (ENTIBADO) | C36: M2 | D36: 85 | E36: 83800 | F36: =D36*E36 -> 7123000 | G36: =F36*1/$F$885 -> 0.00028001681 | H36: =IF(D36-AF36<0,AF36-D36,0) -> 219.7 | I36: =E36*H36 -> 18410860 | J36: 0 | K36: =E36*J36 -> 0 | L36: =IF(AF36=0,D36,0) -> 0 | M36: =L36*E36 -> 0 | P36: =D36+H36+J36-L36 -> 304.7 | Q36: =E36*P36 -> 25533860 | R36: =AF36 -> 304.7 | S36: =E36*R36 -> 25533860 | U36: 304.7 | V36: =E36*U36 -> 25533860 | X36: 0 | Y36: =E36*X36 -> 0 | Z36: 0 | AA36: =E36*Z36 -> 0 | AF36: =U36+X36+Z36 -> 304.7 | AG36: =AF36/D36 -> 3.5847059 | AH36: =E36*AF36 -> 25533860 | AI36: =AH36*1/$E$895 -> 0.0010037779
A37: 2.4 | B37: RELLENO MATERIAL SITIO COMPACTADO A RANA | C37: M3 | D37: 51.7 | E37: 21000 | F37: =D37*E37 -> 1085700 | G37: =F37*1/$F$885 -> 4.2680648e-05 | H37: =IF(D37-AF37<0,AF37-D37,0) -> 0 | I37: =E37*H37 -> 0 | J37: 0 | K37: =E37*J37 -> 0 | L37: =IF(AF37=0,D37,0) -> 0 | M37: =L37*E37 -> 0 | P37: =D37+H37+J37-L37 -> 51.7 | Q37: =E37*P37 -> 1085700 | R37: =AF37 -> 51.7 | S37: =E37*R37 -> 1085700 | U37: 51.7 | V37: =E37*U37 -> 1085700 | X37: 0 | Y37: =E37*X37 -> 0 | Z37: 0 | AA37: =E37*Z37 -> 0 | AF37: =U37+X37+Z37 -> 51.7 | AG37: =AF37/D37 -> 1 | AH37: =E37*AF37 -> 1085700 | AI37: =AH37*1/$E$895 -> 4.2680648e-05
A38: 2.5 | B38: RELLENO ROCAMUERTA COMPACT-SALTARIN | C38: M3 | D38: 272.7 | E38: 85000 | F38: =D38*E38 -> 23179500 | G38: =F38*1/$F$885 -> 0.00091122417 | H38: =IF(D38-AF38<0,AF38-D38,0) -> 0 | I38: =E38*H38 -> 0 | J38: 0 | K38: =E38*J38 -> 0 | L38: =IF(AF38=0,D38,0) -> 0 | M38: =L38*E38 -> 0 | P38: =D38+H38+J38-L38 -> 272.7 | Q38: =E38*P38 -> 23179500 | R38: =AF38 -> 272.7 | S38: =E38*R38 -> 23179500 | U38: 272.7 | V38: =E38*U38 -> 23179500 | X38: 0 | Y38: =E38*X38 -> 0 | Z38: 0 | AA38: =E38*Z38 -> 0 | AF38: =U38+X38+Z38 -> 272.7 | AG38: =AF38/D38 -> 1 | AH38: =E38*AF38 -> 23179500 | AI38: =AH38*1/$E$895 -> 0.00091122417
A39: 2.6 | B39: CAMPAMENT O TABLA 9 M2 | C39: UND | D39: 2 | E39: 1800000 | F39: =D39*E39 -> 3600000 | G39: =F39*1/$F$885 -> 0.00014152191 | H39: =IF(D39-AF39<0,AF39-D39,0) -> 0 | I39: =E39*H39 -> 0 | J39: =IF(D39-AF39>0,AF39-D39,0) -> 0 | K39: =E39*J39 -> 0 | L39: =IF(AF39=0,D39,0) -> 0 | M39: =L39*E39 -> 0 | P39: =D39+H39+J39-L39 -> 2 | Q39: =E39*P39 -> 3600000 | R39: =AF39 -> 2 | S39: =E39*R39 -> 3600000 | U39: 2 | V39: =E39*U39 -> 3600000 | X39: 0 | Y39: =E39*X39 -> 0 | Z39: 0 | AA39: =E39*Z39 -> 0 | AF39: =U39+X39+Z39 -> 2 | AG39: =AF39/D39 -> 1 | AH39: =E39*AF39 -> 3600000 | AI39: =AH39*1/$E$895 -> 0.00014152191
A40: 2.7 | B40: CERRAMIENTO EN LAMINA DE ZINC | C40: M2 | D40: 267.5 | E40: 41000 | F40: =D40*E40 -> 10967500 | G40: =F40*1/$F$885 -> 0.00043115042 | H40: =IF(D40-AF40<0,AF40-D40,0) -> 41.38 | I40: =E40*H40 -> 1696580 | J40: =IF(D40-AF40>0,AF40-D40,0) -> 0 | K40: =E40*J40 -> 0 | L40: =IF(AF40=0,D40,0) -> 0 | M40: =L40*E40 -> 0 | P40: =D40+H40+J40-L40 -> 308.88 | Q40: =E40*P40 -> 12664080 | R40: =AF40 -> 308.88 | S40: =E40*R40 -> 12664080 | U40: 308.88 | V40: =E40*U40 -> 12664080 | X40: 0 | Y40: =E40*X40 -> 0 | Z40: 0 | AA40: =E40*Z40 -> 0 | AF40: =U40+X40+Z40 -> 308.88 | AG40: =AF40/D40 -> 1.1546916 | AH40: =E40*AF40 -> 12664080 | AI40: =AH40*1/$E$895 -> 0.00049784576
A41: 2.8 | B41: ACOMETIDA PROVISIONAL ENERGIA | C41: MES | D41: 18 | E41: 145000 | F41: =D41*E41 -> 2610000 | G41: =F41*1/$F$885 -> 0.00010260338 | H41: =IF(D41-AF41<0,AF41-D41,0) -> 0 | I41: =E41*H41 -> 0 | J41: =IF(D41-AF41>0,AF41-D41,0) -> 0 | K41: =E41*J41 -> 0 | L41: =IF(AF41=0,D41,0) -> 0 | M41: =L41*E41 -> 0 | P41: =D41+H41+J41-L41 -> 18 | Q41: =E41*P41 -> 2610000 | R41: =AF41 -> 18 | S41: =E41*R41 -> 2610000 | U41: 18 | V41: =E41*U41 -> 2610000 | X41: 0 | Y41: =E41*X41 -> 0 | Z41: 0 | AA41: =E41*Z41 -> 0 | AF41: =U41+X41+Z41 -> 18 | AG41: =AF41/D41 -> 1 | AH41: =E41*AF41 -> 2610000 | AI41: =AH41*1/$E$895 -> 0.00010260338
A42: 2.9 | B42: ACOMETIDA PROVISIONAL ACUEDUCTO | C42: MES | D42: 18 | E42: 125000 | F42: =D42*E42 -> 2250000 | G42: =F42*1/$F$885 -> 8.8451191e-05 | H42: =IF(D42-AF42<0,AF42-D42,0) -> 0 | I42: =E42*H42 -> 0 | J42: =IF(D42-AF42>0,AF42-D42,0) -> 0 | K42: =E42*J42 -> 0 | L42: =IF(AF42=0,D42,0) -> 0 | M42: =L42*E42 -> 0 | P42: =D42+H42+J42-L42 -> 18 | Q42: =E42*P42 -> 2250000 | R42: =AF42 -> 18 | S42: =E42*R42 -> 2250000 | U42: 18 | V42: =E42*U42 -> 2250000 | X42: 0 | Y42: =E42*X42 -> 0 | Z42: 0 | AA42: =E42*Z42 -> 0 | AF42: =U42+X42+Z42 -> 18 | AG42: =AF42/D42 -> 1 | AH42: =E42*AF42 -> 2250000 | AI42: =AH42*1/$E$895 -> 8.8451191e-05
A43: 2.10 | B43: LOCALIZACION REPLANTEO OBRA ARQUITECTONICA | C43: M2 | D43: 3700 | E43: 7500 | F43: =D43*E43 -> 27750000 | G43: =F43*1/$F$885 -> 0.001090898 | H43: =IF(D43-AF43<0,AF43-D43,0) -> 370.32 | I43: =E43*H43 -> 2777400 | J43: =IF(D43-AF43>0,AF43-D43,0) -> 0 | K43: =E43*J43 -> 0 | L43: =IF(AF43=0,D43,0) -> 0 | M43: =L43*E43 -> 0 | P43: =D43+H43+J43-L43 -> 4070.32 | Q43: =E43*P43 -> 30527400 | R43: =AF43 -> 4070.32 | S43: =E43*R43 -> 30527400 | U43: 4070.32 | V43: =E43*U43 -> 30527400 | X43: 0 | Y43: =E43*X43 -> 0 | Z43: 0 | AA43: =E43*Z43 -> 0 | AF43: =U43+X43+Z43 -> 4070.32 | AG43: =AF43/D43 -> 1.1000865 | AH43: =E43*AF43 -> 30527400 | AI43: =AH43*1/$E$895 -> 0.0012000822
A44: 2.11 | B44: CONSTRUCCION LAVAMANOS Y WC
A45: 2.12 | B45: LAVAMANOS COLGAR PEDESTALTAZA SANITARIO | C45: JGO | D45: 3 | E45: 258750 | F45: =D45*E45 -> 776250 | G45: =F45*1/$F$885 -> 3.0515661e-05 | H45: =IF(D45-AF45<0,AF45-D45,0) -> 0 | I45: =E45*H45 -> 0 | J45: =IF(D45-AF45>0,AF45-D45,0) -> 0 | K45: =E45*J45 -> 0 | L45: =IF(AF45=0,D45,0) -> 0 | M45: =L45*E45 -> 0 | P45: =D45+H45+J45-L45 -> 3 | Q45: =E45*P45 -> 776250 | R45: =AF45 -> 3 | S45: =E45*R45 -> 776250 | U45: 3 | V45: =E45*U45 -> 776250 | X45: 0 | Y45: =E45*X45 -> 0 | Z45: 0 | AA45: =E45*Z45 -> 0 | AF45: =U45+X45+Z45 -> 3 | AG45: =AF45/D45 -> 1 | AH45: =E45*AF45 -> 776250 | AI45: =AH45*1/$E$895 -> 3.0515661e-05
A46: 2.13 | B46: TAZA SANITARIO | C46: JGO | D46: 3 | E46: 410000 | F46: =D46*E46 -> 1230000 | G46: =F46*1/$F$885 -> 4.8353318e-05 | H46: =IF(D46-AF46<0,AF46-D46,0) -> 0 | I46: =E46*H46 -> 0 | J46: =IF(D46-AF46>0,AF46-D46,0) -> 0 | K46: =E46*J46 -> 0 | L46: =IF(AF46=0,D46,0) -> 0 | M46: =L46*E46 -> 0 | P46: =D46+H46+J46-L46 -> 3 | Q46: =E46*P46 -> 1230000 | R46: =AF46 -> 3 | S46: =E46*R46 -> 1230000 | U46: 3 | V46: =E46*U46 -> 1230000 | X46: 0 | Y46: =E46*X46 -> 0 | Z46: 0 | AA46: =E46*Z46 -> 0 | AF46: =U46+X46+Z46 -> 3 | AG46: =AF46/D46 -> 1 | AH46: =E46*AF46 -> 1230000 | AI46: =AH46*1/$E$895 -> 4.8353318e-05
A47: 2.14 | B47: GRIFO LAVAMANOS | C47: UND | D47: 3 | E47: 60000 | F47: =D47*E47 -> 180000 | G47: =F47*1/$F$885 -> 7.0760953e-06 | H47: =IF(D47-AF47<0,AF47-D47,0) -> 0 | I47: =E47*H47 -> 0 | J47: =IF(D47-AF47>0,AF47-D47,0) -> 0 | K47: =E47*J47 -> 0 | L47: =IF(AF47=0,D47,0) -> 0 | M47: =L47*E47 -> 0 | P47: =D47+H47+J47-L47 -> 3 | Q47: =E47*P47 -> 180000 | R47: =AF47 -> 3 | S47: =E47*R47 -> 180000 | U47: 3 | V47: =E47*U47 -> 180000 | X47: 0 | Y47: =E47*X47 -> 0 | Z47: 0 | AA47: =E47*Z47 -> 0 | AB47: 0 | AC47: =AB47*E47 -> 0 | AD47: 0 | AE47: =AD47*E47 -> 0 | AF47: =U47+X47+Z47 -> 3 | AG47: =AF47/D47 -> 1 | AH47: =E47*AF47 -> 180000 | AI47: =AH47*1/$E$895 -> 7.0760953e-06 | AK47: =U47+X47+Z47+AB47+#REF!+#REF!+AD47 -> #REF! | AL47: =AF47/D47 -> 1 | AM47: =E47*AK47 -> #REF! | AN47: =AM47*1/$E$895 -> #REF!
A48: 2.15 | B48: SIFON ACOPLE LAVAMANOS | C48: UND | D48: 3 | E48: 45000 | F48: =D48*E48 -> 135000 | G48: =F48*1/$F$885 -> 5.3070715e-06 | H48: =IF(D48-AF48<0,AF48-D48,0) -> 0 | I48: =E48*H48 -> 0 | J48: =IF(D48-AF48>0,AF48-D48,0) -> 0 | K48: =E48*J48 -> 0 | L48: =IF(AF48=0,D48,0) -> 0 | M48: =L48*E48 -> 0 | P48: =D48+H48+J48-L48 -> 3 | Q48: =E48*P48 -> 135000 | R48: =AF48 -> 3 | S48: =E48*R48 -> 135000 | U48: 3 | V48: =E48*U48 -> 135000 | X48: 0 | Y48: =E48*X48 -> 0 | Z48: 0 | AA48: =E48*Z48 -> 0 | AB48: 0 | AC48: =AB48*E48 -> 0 | AD48: 0 | AE48: =AD48*E48 -> 0 | AF48: =U48+X48+Z48 -> 3 | AG48: =AF48/D48 -> 1 | AH48: =E48*AF48 -> 135000 | AI48: =AH48*1/$E$895 -> 5.3070715e-06 | AK48: =U48+X48+Z48+AB48+#REF!+#REF!+AD48 -> #REF! | AL48: =AF48/D48 -> 1 | AM48: =E48*AK48 -> #REF! | AN48: =AM48*1/$E$895 -> #REF!
A49: 2.16 | B49: TUBERIA PVC 4" SANITARIA | C49: ML | D49: 50 | E49: 49000 | F49: =D49*E49 -> 2450000 | G49: =F49*1/$F$885 -> 9.6313519e-05 | H49: =IF(D49-AF49<0,AF49-D49,0) -> 0 | I49: =E49*H49 -> 0 | J49: =IF(D49-AF49>0,AF49-D49,0) -> -35 | K49: =E49*J49 -> -1715000 | L49: =IF(AF49=0,D49,0) -> 0 | M49: =L49*E49 -> 0 | P49: =D49+H49+J49-L49 -> 15 | Q49: =E49*P49 -> 735000 | R49: =AF49 -> 15 | S49: =E49*R49 -> 735000 | U49: 15 | V49: =E49*U49 -> 735000 | X49: 0 | Y49: =E49*X49 -> 0 | Z49: 0 | AA49: =E49*Z49 -> 0 | AB49: 0 | AC49: =AB49*E49 -> 0 | AD49: 0 | AE49: =AD49*E49 -> 0 | AF49: =U49+X49+Z49 -> 15 | AG49: =AF49/D49 -> 0.3 | AH49: =E49*AF49 -> 735000 | AI49: =AH49*1/$E$895 -> 2.8894056e-05 | AK49: =U49+X49+Z49+AB49+#REF!+#REF!+AD49 -> #REF! | AL49: =AF49/D49 -> 0.3 | AM49: =E49*AK49 -> #REF! | AN49: =AM49*1/$E$895 -> #REF!
A50: 2.17 | B50: SIFON SANITARIO PVC 4" | C50: UND | D50: 3 | E50: 37260 | F50: =D50*E50 -> 111780 | G50: =F50*1/$F$885 -> 4.3942552e-06 | H50: =IF(D50-AF50<0,AF50-D50,0) -> 0 | I50: =E50*H50 -> 0 | J50: 0 | K50: =E50*J50 -> 0 | L50: =IF(AF50=0,D50,0) -> 3 | M50: =L50*E50 -> 111780 | P50: =D50+H50+J50-L50 -> 0 | Q50: =E50*P50 -> 0 | R50: =AF50 -> 0 | S50: =E50*R50 -> 0 | U50: 0 | V50: =E50*U50 -> 0 | X50: 0 | Y50: =E50*X50 -> 0 | Z50: 0 | AA50: =E50*Z50 -> 0 | AB50: 0 | AC50: =AB50*E50 -> 0 | AD50: 0 | AE50: =AD50*E50 -> 0 | AF50: =U50+X50+Z50 -> 0 | AG50: =AF50/D50 -> 0 | AH50: =E50*AF50 -> 0 | AI50: =AH50*1/$E$895 -> 0 | AK50: =U50+X50+Z50+AB50+#REF!+#REF!+AD50 -> #REF! | AL50: =AF50/D50 -> 0 | AM50: =E50*AK50 -> #REF! | AN50: =AM50*1/$E$895 -> #REF!
A51: 2.18 | B51: ACARREO MATERIALES-ESCOMBROS 10 PERSONAS | C51: HC | D51: 99.1 | E51: 250000 | F51: =D51*E51 -> 24775000 | G51: =F51*1/$F$885 -> 0.00097394589 | H51: =IF(D51-AF51<0,AF51-D51,0) -> 0 | I51: =E51*H51 -> 0 | J51: 0 | K51: =E51*J51 -> 0 | L51: =IF(AF51=0,D51,0) -> 0 | M51: =L51*E51 -> 0 | P51: =D51+H51+J51-L51 -> 99.1 | Q51: =E51*P51 -> 24775000 | R51: =AF51 -> 99.1 | S51: =E51*R51 -> 24775000 | U51: 99.1 | V51: =E51*U51 -> 24775000 | X51: 0 | Y51: =E51*X51 -> 0 | Z51: 0 | AA51: =E51*Z51 -> 0 | AB51: 0 | AC51: =AB51*E51 -> 0 | AD51: 0 | AE51: =AD51*E51 -> 0 | AF51: =U51+X51+Z51 -> 99.1 | AG51: =AF51/D51 -> 1 | AH51: =E51*AF51 -> 24775000 | AI51: =AH51*1/$E$895 -> 0.00097394589 | AK51: =U51+X51+Z51+AB51+#REF!+#REF!+AD51 -> #REF! | AL51: =AF51/D51 -> 1 | AM51: =E51*AK51 -> #REF! | AN51: =AM51*1/$E$895 -> #REF!
A52: 2.19 | B52: CARGUE Y RETIRO DE SOBRANTES A MAQUINA <= 10 KM | C52: M3 | D52: 197.1 | E52: 49000 | F52: =D52*E52 -> 9657900 | G52: =F52*1/$F$885 -> 0.00037966789 | H52: =IF(D52-AF52<0,AF52-D52,0) -> 0 | I52: =E52*H52 -> 0 | J52: 0 | K52: =E52*J52 -> 0 | L52: =IF(AF52=0,D52,0) -> 0 | M52: =L52*E52 -> 0 | P52: =D52+H52+J52-L52 -> 197.1 | Q52: =E52*P52 -> 9657900 | R52: =AF52 -> 197.1 | S52: =E52*R52 -> 9657900 | U52: 197.1 | V52: =E52*U52 -> 9657900 | X52: 0 | Y52: =E52*X52 -> 0 | Z52: 0 | AA52: =E52*Z52 -> 0 | AB52: 0 | AC52: =AB52*E52 -> 0 | AD52: 0 | AE52: =AD52*E52 -> 0 | AF52: =U52+X52+Z52 -> 197.1 | AG52: =AF52/D52 -> 1 | AH52: =E52*AF52 -> 9657900 | AI52: =AH52*1/$E$895 -> 0.00037966789 | AK52: =U52+X52+Z52+AB52+#REF!+#REF!+AD52 -> #REF! | AL52: =AF52/D52 -> 1 | AM52: =E52*AK52 -> #REF! | AN52: =AM52*1/$E$895 -> #REF!
B54: SUBTOTAL OBRAS PRELIMINARES | F54: =SUM(F33:F53) -> 128284630 | I54: =SUM(I33:I53) -> 31754890 | K54: =SUM(K33:K53) -> -1715000 | M54: =SUM(M33:M53) -> 266780 | Q54: =SUM(Q33:Q53) -> 158057740 | S54: =SUM(S33:S53) -> 158057740 | V54: =SUM(V33:V53) -> 158057740 | Y54: =SUM(Y33:Y53) -> 0 | AA54: =SUM(AA33:AA53) -> 0 | AE54: =SUM(AE33:AE53) -> 0 | AH54: =SUM(AH33:AH53) -> 158057740 | AK54: =U54+X54+Z54+AB54+#REF!+#REF!+AD54 -> #REF! | AM54: =SUM(AM33:AM53) -> #REF!
F55: =F54*1/$F$885 -> 0.0050430792 | G55: =SUM(G33:G53) -> 0.0050430792 | AG55: =AH54*1/F54 -> 1.2320863 | AI55: =SUM(AI33:AI53) -> 0.006213509 | AK55: =U55+X55+Z55+AB55+#REF!+#REF!+AD55 -> #REF! | AL55: =AM54*1/F54 -> #REF! | AN55: =SUM(AN33:AN53) -> #REF!
A56: 3 | B56: DESAGUES BAJO TIERRA | AK56: =U56+X56+Z56+AB56+#REF!+#REF!+AD56 -> #REF!
A58: 3.1 | B58: EXCAVACION MATERIAL COMUN Y/O CONGLOMERADO A MANO ENTRE 0-2 M | C58: M3 | D58: 70.4 | E58: 35000 | F58: =D58*E58 -> 2464000 | G58: =F58*1/$F$885 -> 9.6863882e-05 | H58: =IF(D58-AF58<0,AF58-D58,0) -> 0 | I58: =E58*H58 -> 0 | J58: 0 | K58: =E58*J58 -> 0 | L58: =IF(AF58=0,D58,0) -> 0 | M58: =L58*E58 -> 0 | P58: =D58+H58+J58-L58 -> 70.4 | Q58: =E58*P58 -> 2464000 | R58: =AF58 -> 70.4 | S58: =E58*R58 -> 2464000 | U58: 70.4 | V58: =E58*U58 -> 2464000 | X58: 0 | Y58: =E58*X58 -> 0 | Z58: 0 | AA58: =E58*Z58 -> 0 | AB58: 0 | AC58: =AB58*E58 -> 0 | AD58: 0 | AE58: =AD58*E58 -> 0 | AF58: =U58+X58+Z58 -> 70.4 | AG58: =AF58/D58 -> 1 | AH58: =E58*AF58 -> 2464000 | AI58: =AH58*1/$E$895 -> 9.6863882e-05 | AK58: =U58+X58+Z58+AB58+#REF!+#REF!+AD58 -> #REF! | AL58: =AF58/D58 -> 1 | AM58: =E58*AK58 -> #REF! | AN58: =AM58*1/$E$895 -> #REF!
A59: 3.2 | B59: RELLENO MATERIAL SITIO COMPACTADO RANA | C59: M3 | D59: 25 | E59: 21000 | F59: =D59*E59 -> 525000 | G59: =F59*1/$F$885 -> 2.0638611e-05 | H59: =IF(D59-AF59<0,AF59-D59,0) -> 0 | I59: =E59*H59 -> 0 | J59: 0 | K59: =E59*J59 -> 0 | L59: =IF(AF59=0,D59,0) -> 0 | M59: =L59*E59 -> 0 | P59: =D59+H59+J59-L59 -> 25 | Q59: =E59*P59 -> 525000 | R59: =AF59 -> 25 | S59: =E59*R59 -> 525000 | U59: 25 | V59: =E59*U59 -> 525000 | X59: 0 | Y59: =E59*X59 -> 0 | Z59: 0 | AA59: =E59*Z59 -> 0 | AF59: =U59+X59+Z59 -> 25 | AG59: =AF59/D59 -> 1 | AH59: =E59*AF59 -> 525000 | AI59: =AH59*1/$E$895 -> 2.0638611e-05
A60: 3.3 | B60: CAJA INSPECCION 60X60 (CONCRETO) | C60: UND | D60: 24 | E60: 430000 | F60: =D60*E60 -> 10320000 | G60: =F60*1/$F$885 -> 0.00040569613 | H60: =IF(D60-AF60<0,AF60-D60,0) -> 0 | I60: =E60*H60 -> 0 | J60: 0 | K60: =E60*J60 -> 0 | L60: =IF(AF60=0,D60,0) -> 0 | M60: =L60*E60 -> 0 | P60: =D60+H60+J60-L60 -> 24 | Q60: =E60*P60 -> 10320000 | R60: =AF60 -> 24 | S60: =E60*R60 -> 10320000 | U60: 24 | V60: =E60*U60 -> 10320000 | X60: 0 | Y60: =E60*X60 -> 0 | Z60: 0 | AA60: =E60*Z60 -> 0 | AF60: =U60+X60+Z60 -> 24 | AG60: =AF60/D60 -> 1 | AH60: =E60*AF60 -> 10320000 | AI60: =AH60*1/$E$895 -> 0.00040569613
A61: 3.4 | B61: CAJA DE INSPECCION 70X70, EXC H=1.0 M | C61: UND | D61: 6 | E61: 550000 | F61: =D61*E61 -> 3300000 | G61: =F61*1/$F$885 -> 0.00012972841 | H61: =IF(D61-AF61<0,AF61-D61,0) -> 0 | I61: =E61*H61 -> 0 | J61: 0 | K61: =E61*J61 -> 0 | L61: =IF(AF61=0,D61,0) -> 0 | M61: =L61*E61 -> 0 | P61: =D61+H61+J61-L61 -> 6 | Q61: =E61*P61 -> 3300000 | R61: =AF61 -> 6 | S61: =E61*R61 -> 3300000 | U61: 6 | V61: =E61*U61 -> 3300000 | X61: 0 | Y61: =E61*X61 -> 0 | Z61: 0 | AA61: =E61*Z61 -> 0 | AF61: =U61+X61+Z61 -> 6 | AG61: =AF61/D61 -> 1 | AH61: =E61*AF61 -> 3300000 | AI61: =AH61*1/$E$895 -> 0.00012972841
A62: 3.5 | B62: TAPA CAJA MARCO ANGULO 61X61-70X70 | C62: UND | D62: 24 | E62: 200000 | F62: =D62*E62 -> 4800000 | G62: =F62*1/$F$885 -> 0.00018869587 | H62: =IF(D62-AF62<0,AF62-D62,0) -> 0 | I62: =E62*H62 -> 0 | J62: 0 | K62: =E62*J62 -> 0 | L62: =IF(AF62=0,D62,0) -> 0 | M62: =L62*E62 -> 0 | P62: =D62+H62+J62-L62 -> 24 | Q62: =E62*P62 -> 4800000 | R62: =AF62 -> 24 | S62: =E62*R62 -> 4800000 | U62: 24 | V62: =E62*U62 -> 4800000 | X62: 0 | Y62: =E62*X62 -> 0 | Z62: 0 | AA62: =E62*Z62 -> 0 | AF62: =U62+X62+Z62 -> 24 | AG62: =AF62/D62 -> 1 | AH62: =E62*AF62 -> 4800000 | AI62: =AH62*1/$E$895 -> 0.00018869587
A63: 3.6 | B63: TUBERIA PARA ALCANTARILLADO UNION MECANICA DE DOBLE PARED EN PVC (SEGÚN NORMA NTC 37221) DIAMETRO 8" (200 MM) (INCLUYE ACARREO INTERNO) | C63: ML | D63: 13.3 | E63: 102000 | F63: =D63*E63 -> 1356600 | G63: =F63*1/$F$885 -> 5.3330171e-05 | H63: =IF(D63-AF63<0,AF63-D63,0) -> 0 | I63: =E63*H63 -> 0 | J63: 0 | K63: =E63*J63 -> 0 | L63: =IF(AF63=0,D63,0) -> 0 | M63: =L63*E63 -> 0 | P63: =D63+H63+J63-L63 -> 13.3 | Q63: =E63*P63 -> 1356600 | R63: =AF63 -> 13.3 | S63: =E63*R63 -> 1356600 | U63: 13.3 | V63: =E63*U63 -> 1356600 | X63: 0 | Y63: =E63*X63 -> 0 | Z63: 0 | AA63: =E63*Z63 -> 0 | AF63: =U63+X63+Z63 -> 13.3 | AG63: =AF63/D63 -> 1 | AH63: =E63*AF63 -> 1356600 | AI63: =AH63*1/$E$895 -> 5.3330171e-05
A64: 3.7 | B64: TUBERIA PARA ALCANTARILLADO UNION MECANICA DE DOBLE PARED EN PVC (SEGÚN NORMA NTC 37221) DIAMETRO 6" (160 MM) (INCLUYE ACARREO INTERNO) | C64: ML | D64: 165.3 | E64: 73000 | F64: =D64*E64 -> 12066900 | G64: =F64*1/$F$885 -> 0.00047436963 | H64: =IF(D64-AF64<0,AF64-D64,0) -> 0 | I64: =E64*H64 -> 0 | J64: 0 | K64: =E64*J64 -> 0 | L64: =IF(AF64=0,D64,0) -> 0 | M64: =L64*E64 -> 0 | P64: =D64+H64+J64-L64 -> 165.3 | Q64: =E64*P64 -> 12066900 | R64: =AF64 -> 165.3 | S64: =E64*R64 -> 12066900 | U64: 165.3 | V64: =E64*U64 -> 12066900 | X64: 0 | Y64: =E64*X64 -> 0 | Z64: 0 | AA64: =E64*Z64 -> 0 | AF64: =U64+X64+Z64 -> 165.3 | AG64: =AF64/D64 -> 1 | AH64: =E64*AF64 -> 12066900 | AI64: =AH64*1/$E$895 -> 0.00047436963
A65: 3.8 | B65: TUBERIA PARA ALCANTARILLADO UNION MECANICA DE DOBLE PARED EN PVC (SEGÚN NORMA NTC 37221) DIAMETRO 4" (100 MM) (INCLUYE ACARREO INTERNO) | C65: ML | D65: 54 | E65: 37260 | F65: =D65*E65 -> 2012040 | G65: =F65*1/$F$885 -> 7.9096593e-05 | H65: =IF(D65-AF65<0,AF65-D65,0) -> 0 | I65: =E65*H65 -> 0 | J65: 0 | K65: =E65*J65 -> 0 | L65: =IF(AF65=0,D65,0) -> 0 | M65: =L65*E65 -> 0 | P65: =D65+H65+J65-L65 -> 54 | Q65: =E65*P65 -> 2012040 | R65: =AF65 -> 54 | S65: =E65*R65 -> 2012040 | U65: 54 | V65: =E65*U65 -> 2012040 | X65: 0 | Y65: =E65*X65 -> 0 | Z65: 0 | AA65: =E65*Z65 -> 0 | AF65: =U65+X65+Z65 -> 54 | AG65: =AF65/D65 -> 1 | AH65: =E65*AF65 -> 2012040 | AI65: =AH65*1/$E$895 -> 7.9096593e-05
A66: 3.9 | B66: CARGUE Y RETIRO DE SOBRANTES A MAQUINA <= 10 KM | C66: M3 | D66: 35 | E66: 49000 | F66: =D66*E66 -> 1715000 | G66: =F66*1/$F$885 -> 6.7419463e-05 | H66: =IF(D66-AF66<0,AF66-D66,0) -> 0 | I66: =E66*H66 -> 0 | J66: 0 | K66: =E66*J66 -> 0 | L66: =IF(AF66=0,D66,0) -> 0 | M66: =L66*E66 -> 0 | P66: =D66+H66+J66-L66 -> 35 | Q66: =E66*P66 -> 1715000 | R66: =AF66 -> 35 | S66: =E66*R66 -> 1715000 | U66: 35 | V66: =E66*U66 -> 1715000 | X66: 0 | Y66: =E66*X66 -> 0 | Z66: 0 | AA66: =E66*Z66 -> 0 | AF66: =U66+X66+Z66 -> 35 | AG66: =AF66/D66 -> 1 | AH66: =E66*AF66 -> 1715000 | AI66: =AH66*1/$E$895 -> 6.7419463e-05
A67: 4 | B67: TAPA CAJA MARCO ANGULO 71X71-80X80 | C67: UND | D67: 6 | E67: 315000 | F67: =D67*E67 -> 1890000 | G67: =F67*1/$F$885 -> 7.4299e-05 | H67: =IF(D67-AF67<0,AF67-D67,0) -> 0 | I67: =E67*H67 -> 0 | J67: 0 | K67: =E67*J67 -> 0 | L67: =IF(AF67=0,D67,0) -> 0 | M67: =L67*E67 -> 0 | P67: =D67+H67+J67-L67 -> 6 | Q67: =E67*P67 -> 1890000 | R67: =AF67 -> 6 | S67: =E67*R67 -> 1890000 | U67: 6 | V67: =E67*U67 -> 1890000 | X67: 0 | Y67: =E67*X67 -> 0 | Z67: 0 | AA67: =E67*Z67 -> 0 | AF67: =U67+X67+Z67 -> 6 | AG67: =AF67/D67 -> 1 | AH67: =E67*AF67 -> 1890000 | AI67: =AH67*1/$E$895 -> 7.4299e-05
B69: SUBTOTAL DESAGUES BAJO TIERRA | F69: =SUM(F58:F68) -> 40449540 | I69: =SUM(I58:I68) -> 0 | K69: =SUM(K58:K68) -> 0 | M69: =SUM(M56:M68) -> 0 | Q69: =SUM(Q58:Q68) -> 40449540 | S69: =SUM(S58:S68) -> 40449540 | V69: =SUM(V58:V68) -> 40449540 | Y69: =SUM(Y58:Y68) -> 0 | AA69: =SUM(AA58:AA68) -> 0 | AC69: =SUM(AC58:AC68) -> 0 | AE69: =SUM(AE58:AE68) -> 0 | AH69: =SUM(AH58:AH68) -> 40449540 | AK69: =U69+X69+Z69+AB69+#REF!+#REF!+AD69 -> #REF! | AM69: =SUM(AM58:AM68) -> #REF! | AQ69: BIEN
F70: =F69*1/$F$885 -> 0.0015901378 | G70: =SUM(G58:G68) -> 0.0015901378 | AG70: =AH69*1/F69 -> 1 | AI70: =SUM(AI58:AI68) -> 0.0015901378 | AK70: =U70+X70+Z70+AB70+#REF!+#REF!+AD70 -> #REF! | AL70: =AM69*1/F69 -> #REF! | AN70: =SUM(AN58:AN68) -> #REF!
A71: 4 | B71: CIMENTACION | AK71: =U71+X71+Z71+AB71+#REF!+#REF!+AD71 -> #REF!
AD72: 1 | AE72: =AD72*E72 -> 0 | AK72: =U72+X72+Z72+AB72+#REF!+#REF!+AD72 -> #REF! | AL72: =AF72/D72 -> #DIV/0! | AM72: =E72*AK72 -> #REF! | AN72: =AM72*1/$E$895 -> #REF!
A73: 4.1.1 | B73: SOLADO ESPESOR E=0.05M 3000 PSI 210 MPA | C73: M2 | D73: 432.5 | E73: 38000 | F73: =D73*E73 -> 16435000 | G73: =F73*1/$F$885 -> 0.00064608681 | H73: =IF(D73-AF73<0,AF73-D73,0) -> 107.08 | I73: =E73*H73 -> 4069040 | J73: =IF(D73-AF73>0,AF73-D73,0) -> 0 | K73: =E73*J73 -> 0 | L73: =IF(AF73=0,D73,0) -> 0 | M73: =L73*E73 -> 0 | P73: =D73+H73+J73-L73 -> 539.58 | Q73: =E73*P73 -> 20504040 | R73: =AF73 -> 539.58 | S73: =E73*R73 -> 20504040 | U73: 539.58 | V73: =E73*U73 -> 20504040 | X73: 0 | Y73: =E73*X73 -> 0 | Z73: 0 | AA73: =E73*Z73 -> 0 | AB73: 0 | AC73: =AB73*E73 -> 0 | AD73: 0 | AE73: =AD73*E73 -> 0 | AF73: =U73+X73+Z73 -> 539.58 | AG73: =AF73/D73 -> 1.2475838 | AH73: =E73*AF73 -> 20504040 | AI73: =AH73*1/$E$895 -> 0.00080604745 | AK73: =U73+X73+Z73+AB73+#REF!+#REF!+AD73 -> #REF! | AL73: =AF73/D73 -> 1.2475838 | AM73: =E73*AK73 -> #REF! | AN73: =AM73*1/$E$895 -> #REF!
A74: 4.1.2 | B74: ZAPATA CONCRETO 4000 PSI 27.0 MPA FORM | C74: M3 | D74: 352.45073 | E74: 745200 | F74: =D74*E74 -> 2.6264629e+08 | G74: =F74*1/$F$885 -> 0.010325056 | H74: =IF(D74-AF74<0,AF74-D74,0) -> 0 | I74: =E74*H74 -> 0 | J74: =IF(D74-AF74>0,AF74-D74,0) -> -112.79073 | K74: =E74*J74 -> -84051653 | L74: =IF(AF74=0,D74,0) -> 0 | M74: =L74*E74 -> 0 | P74: =D74+H74+J74-L74 -> 239.66 | Q74: =E74*P74 -> 178594632 | R74: =AF74 -> 239.66 | S74: =E74*R74 -> 178594632 | U74: 239.66 | V74: =E74*U74 -> 178594632 | X74: 0 | Y74: =E74*X74 -> 0 | Z74: 0 | AA74: =E74*Z74 -> 0 | AF74: =U74+X74+Z74 -> 239.66 | AG74: =AF74/D74 -> 0.67998157 | AH74: =E74*AF74 -> 178594632 | AI74: =AH74*1/$E$895 -> 0.007020848
A75: 4.1.3 | B75: VIGA CIMIENTO ENLACE 400 PSI 28.0 MPA +ADICION PREMEZCLADO 4000 PSI 28 MPA | C75: M3 | D75: 79.6 | E75: 1450000 | F75: =D75*E75 -> 1.1542e+08 | G75: =F75*1/$F$885 -> 0.0045373495 | H75: =IF(D75-AF75<0,AF75-D75,0) -> 20.31 | I75: =E75*H75 -> 29449500 | J75: =IF(D75-AF75>0,AF75-D75,0) -> 0 | K75: =E75*J75 -> 0 | L75: =IF(AF75=0,D75,0) -> 0 | M75: =L75*E75 -> 0 | P75: =D75+H75+J75-L75 -> 99.91 | Q75: =E75*P75 -> 144869500 | R75: =AF75 -> 99.91 | S75: =E75*R75 -> 144869500 | U75: 99.91 | V75: =E75*U75 -> 144869500 | X75: 0 | Y75: =E75*X75 -> 0 | Z75: 0 | AA75: =E75*Z75 -> 0 | AF75: =U75+X75+Z75 -> 99.91 | AG75: =AF75/D75 -> 1.2551508 | AH75: =E75*AF75 -> 144869500 | AI75: =AH75*1/$E$895 -> 0.0056950577
A76: 4.1.4 | B76: ACERO REFUERZO FLEJADO 60000 PSI 420Mpa | C76: KG | D76: 93649.5 | E76: 8250 | F76: =D76*E76 -> 772608375 | G76: =F76*1/$F$885 -> 0.030372503 | H76: =IF(D76-AF76<0,AF76-D76,0) -> 0.5 | I76: =E76*H76 -> 4125 | J76: =IF(D76-AF76>0,AF76-D76,0) -> 0 | K76: =E76*J76 -> 0 | L76: =IF(AF76=0,D76,0) -> 0 | M76: =L76*E76 -> 0 | P76: =D76+H76+J76-L76 -> 93650 | Q76: =E76*P76 -> 772612500 | R76: =AF76 -> 93650 | S76: =E76*R76 -> 772612500 | U76: 93650 | V76: =E76*U76 -> 772612500 | X76: 0 | Y76: =E76*X76 -> 0 | Z76: 0 | AA76: =E76*Z76 -> 0 | AF76: =U76+X76+Z76 -> 93650 | AG76: =AF76/D76 -> 1.0000053 | AH76: =E76*AF76 -> 772612500 | AI76: =AH76*1/$E$895 -> 0.030372665
A77: 4.1.5 | B77: PEDESTAL EN CONCRETO PREMEZCLADO DE 5000 PSI 35 MPA | C77: M3 | D77: 3 | E77: 1190250 | F77: =D77*E77 -> 3570750 | G77: =F77*1/$F$885 -> 0.00014037204 | H77: =IF(D77-AF77<0,AF77-D77,0) -> 0 | I77: =E77*H77 -> 0 | J77: 0 | K77: =E77*J77 -> 0 | L77: =IF(AF77=0,D77,0) -> 3 | M77: =L77*E77 -> 3570750 | P77: =D77+H77+J77-L77 -> 0 | Q77: =E77*P77 -> 0 | R77: =AF77 -> 0 | S77: =E77*R77 -> 0 | U77: 0 | V77: =E77*U77 -> 0 | X77: 0 | Y77: =E77*X77 -> 0 | Z77: 0 | AA77: =E77*Z77 -> 0 | AF77: =U77+X77+Z77 -> 0 | AG77: =AF77/D77 -> 0 | AH77: =E77*AF77 -> 0 | AI77: =AH77*1/$E$895 -> 0
A78: 4.1.6 | B78: PANTALLA EN CONCRETO F'C 28 MPA IMPERMEABILIZADO INCLUYE FORMALETA METALICA 2 CARAS | C78: M3 | D78: 253.99993 | E78: 1552500 | F78: =D78*E78 -> 3.9433489e+08 | G78: =F78*1/$F$885 -> 0.015501952 | H78: =IF(D78-AF78<0,AF78-D78,0) -> 138.87007 | I78: =E78*H78 -> 2.1559578e+08 | J78: =IF(D78-AF78>0,AF78-D78,0) -> 0 | K78: =E78*J78 -> 0 | L78: =IF(AF78=0,D78,0) -> 0 | M78: =L78*E78 -> 0 | P78: =D78+H78+J78-L78 -> 392.87 | Q78: =E78*P78 -> 609930675 | R78: =AF78 -> 392.87 | S78: =E78*R78 -> 609930675 | U78: 392.87 | V78: =E78*U78 -> 609930675 | X78: 0 | Y78: =E78*X78 -> 0 | Z78: 0 | AA78: =E78*Z78 -> 0 | AF78: =U78+X78+Z78 -> 392.87 | AG78: =AF78/D78 -> 1.5467327 | AH78: =E78*AF78 -> 609930675 | AI78: =AH78*1/$E$895 -> 0.023977375
A79: 4.1.7 | B79: EXCAVACION EN MATERIAL COMUN Y/O COGLOMERADO A MANO ENTRE 0-2M | C79: M3 | D79: 104.99872 | E79: 36225 | F79: =D79*E79 -> 3803578.8 | G79: =F79*1/$F$885 -> 0.00014952492 | H79: =IF(D79-AF79<0,AF79-D79,0) -> 0 | I79: =E79*H79 -> 0 | J79: =IF(D79-AF79>0,AF79-D79,0) -> 0 | K79: =E79*J79 -> 0 | L79: =IF(AF79=0,D79,0) -> 0 | M79: =L79*E79 -> 0 | P79: =D79+H79+J79-L79 -> 104.99872 | Q79: =E79*P79 -> 3803578.8 | R79: =AF79 -> 104.99872 | S79: =E79*R79 -> 3803578.8 | U79: 104.99872 | V79: =E79*U79 -> 3803578.8 | X79: 0 | Y79: =E79*X79 -> 0 | Z79: 0 | AA79: =E79*Z79 -> 0 | AF79: =U79+X79+Z79 -> 104.99872 | AG79: =AF79/D79 -> 1 | AH79: =E79*AF79 -> 3803578.8 | AI79: =AH79*1/$E$895 -> 0.00014952492
A80: 4.1.8 | B80: RETIRO DE SOBRANTES CON CARGUE A MANO HASTA EL SITIO AUTORIZADO POR LA AUTORIDAD AMBIENTAL INCLUYE EL PAGO POR SERVICIOS DE RECIBO DE ESCOMBROS | C80: M3 | D80: 105.00055 | E80: 67275 | F80: =D80*E80 -> 7063912.2 | G80: =F80*1/$F$885 -> 0.00027769398 | H80: =IF(D80-AF80<0,AF80-D80,0) -> 0 | I80: =E80*H80 -> 0 | J80: =IF(D80-AF80>0,AF80-D80,0) -> 0 | K80: =E80*J80 -> 0 | L80: =IF(AF80=0,D80,0) -> 0 | M80: =L80*E80 -> 0 | P80: =D80+H80+J80-L80 -> 105.00055 | Q80: =E80*P80 -> 7063912.2 | R80: =AF80 -> 105.00055 | S80: =E80*R80 -> 7063912.2 | U80: 105.00055 | V80: =E80*U80 -> 7063912.2 | X80: 0 | Y80: =E80*X80 -> 0 | Z80: 0 | AA80: =E80*Z80 -> 0 | AF80: =U80+X80+Z80 -> 105.00055 | AG80: =AF80/D80 -> 1 | AH80: =E80*AF80 -> 7063912.2 | AI80: =AH80*1/$E$895 -> 0.00027769398
A81: 4.1.9 | B81: SUBMURACION EDIFICACION EXISTENTE EN CONCRETO DE 3000 PSI INCLUYE REFUERZO | C81: M2 | D81: 202.43878 | E81: 415600 | F81: =D81*E81 -> 84133558 | G81: =F81*1/$F$885 -> 0.0033074282 | H81: =IF(D81-AF81<0,AF81-D81,0) -> 0 | I81: =E81*H81 -> 0 | J81: 0 | K81: =E81*J81 -> 0 | L81: =IF(AF81=0,D81,0) -> 202.43878 | M81: =L81*E81 -> 84133558 | P81: =D81+H81+J81-L81 -> 0 | Q81: =E81*P81 -> 0 | R81: =AF81 -> 0 | S81: =E81*R81 -> 0 | U81: 0 | V81: =E81*U81 -> 0 | X81: 0 | Y81: =E81*X81 -> 0 | Z81: 0 | AA81: =E81*Z81 -> 0 | AF81: =U81+X81+Z81 -> 0 | AG81: =AF81/D81 -> 0 | AH81: =E81*AF81 -> 0 | AI81: =AH81*1/$E$895 -> 0
A82: 4.1.10 | B82: BOMBEO DE CONCRETO A MAQUINA | C82: M3 | D82: 266.5 | E82: 78000 | F82: =D82*E82 -> 20787000 | G82: =F82*1/$F$885 -> 0.00081717107 | H82: =IF(D82-AF82<0,AF82-D82,0) -> 571.3 | I82: =E82*H82 -> 44561400 | J82: =IF(D82-AF82>0,AF82-D82,0) -> 0 | K82: =E82*J82 -> 0 | L82: =IF(AF82=0,D82,0) -> 0 | M82: =L82*E82 -> 0 | P82: =D82+H82+J82-L82 -> 837.8 | Q82: =E82*P82 -> 65348400 | R82: =AF82 -> 837.8 | S82: =E82*R82 -> 65348400 | U82: 837.8 | V82: =E82*U82 -> 65348400 | X82: 0 | Y82: =E82*X82 -> 0 | Z82: 0 | AA82: =E82*Z82 -> 0 | AF82: =U82+X82+Z82 -> 837.8 | AG82: =AF82/D82 -> 3.1437148 | AH82: =E82*AF82 -> 65348400 | AI82: =AH82*1/$E$895 -> 0.0025689528
AD83: 0 | AE83: =AD83*E83 -> 0 | AK83: =U83+X83+Z83+AB83+#REF!+#REF!+AD83 -> #REF! | AL83: =AF83/D83 -> #DIV/0! | AM83: =E83*AK83 -> #REF! | AN83: =AM83*1/$E$895 -> #REF!
B84: SUBTOTAL CIMENTACION | F84: =SUM(F72:F83) -> 1.6808034e+09 | I84: =SUM(I72:I83) -> 2.9367985e+08 | K84: =SUM(K72:K83) -> -84051653 | M84: =SUM(M72:M83) -> 87704308 | Q84: =SUM(Q72:Q83) -> 1.8027272e+09 | S84: =SUM(S72:S83) -> 1.8027272e+09 | V84: =SUM(V72:V83) -> 1.8027272e+09 | Y84: =SUM(Y72:Y83) -> 0 | AA84: =SUM(AA72:AA83) -> 0 | AC84: =SUM(AC72:AC83) -> 0 | AE84: =SUM(AE72:AE83) -> 0 | AH84: =SUM(AH72:AH83) -> 1.8027272e+09 | AK84: =U84+X84+Z84+AB84+#REF!+#REF!+AD84 -> #REF! | AM84: =SUM(AM72:AM83) -> #REF!
F85: =F84*1/$F$885 -> 0.066075137 | G85: =SUM(G72:G83) -> 0.066075137 | AG85: =AH84*1/F84 -> 1.0725391 | AI85: =SUM(AI72:AI83) -> 0.070868165 | AK85: =U85+X85+Z85+AB85+#REF!+#REF!+AD85 -> #REF! | AL85: =AM84*1/K84 -> #REF! | AN85: =SUM(AN72:AN83) -> #REF!
A86: 5 | B86: INSTALACIONES ESTRUCTURA | AK86: =U86+X86+Z86+AB86+#REF!+#REF!+AD86 -> #REF!
AE87: =AD87*E87 -> 0 | AK87: =U87+X87+Z87+AB87+#REF!+#REF!+AD87 -> #REF! | AL87: =AF87/D87 -> #DIV/0! | AM87: =E87*AK87 -> #REF! | AN87: =AM87*1/$E$895 -> #REF!
A88: 5.1.1 | B88: ACERO REFUERZO FLEJADO 60000 PSI 420Mpa | C88: KG | D88: 184753.7 | E88: 8250 | F88: =D88*E88 -> 1524218025 | G88: =F88*1/$F$885 -> 0.059919511 | H88: =IF(D88-AF88<0,AF88-D88,0) -> 0 | I88: =E88*H88 -> 0 | J88: =IF(D88-AF88>0,AF88-D88,0) -> 0 | K88: =E88*J88 -> 0 | L88: =IF(AF88=0,D88,0) -> 0 | M88: =L88*E88 -> 0 | P88: =D88+H88+J88-L88 -> 184753.7 | Q88: =E88*P88 -> 1524218025 | R88: =AF88 -> 184753.7 | S88: =E88*R88 -> 1524218025 | U88: 184753.7 | V88: =E88*U88 -> 1524218025 | X88: 0 | Y88: =E88*X88 -> 0 | Z88: 0 | AA88: =E88*Z88 -> 0 | AB88: 0 | AC88: =AB88*E88 -> 0 | AE88: =AD88*E88 -> 0 | AF88: =U88+X88+Z88 -> 184753.7 | AG88: =AF88/D88 -> 1 | AH88: =E88*AF88 -> 1524218025 | AI88: =AH88*1/$E$895 -> 0.059919511 | AK88: =U88+X88+Z88+AB88+#REF!+#REF!+AD88 -> #REF! | AL88: =AF88/D88 -> 1 | AM88: =E88*AK88 -> #REF! | AN88: =AM88*1/$E$895 -> #REF!
A89: 5.1.2 | B89: MALLA ELECTROSOLDADA | C89: KG | D89: 4749.8437 | E89: 8745.75 | F89: =D89*E89 -> 41540945 | G89: =F89*1/$F$885 -> 0.0016330427 | H89: =IF(D89-AF89<0,AF89-D89,0) -> 0 | I89: =E89*H89 -> 0 | J89: 0 | K89: =E89*J89 -> 0 | L89: =IF(AF89=0,D89,0) -> 0 | M89: =L89*E89 -> 0 | P89: =D89+H89+J89-L89 -> 4749.8437 | Q89: =E89*P89 -> 41540945 | R89: =AF89 -> 4749.8437 | S89: =E89*R89 -> 41540945 | U89: 4749.8437 | V89: =E89*U89 -> 41540945 | X89: 0 | Y89: =E89*X89 -> 0 | Z89: 0 | AA89: =E89*Z89 -> 0 | AB89: 0 | AC89: =AB89*E89 -> 0 | AE89: =AD89*E89 -> 0 | AF89: =U89+X89+Z89 -> 4749.8437 | AG89: =AF89/D89 -> 1 | AH89: =E89*AF89 -> 41540945 | AI89: =AH89*1/$E$895 -> 0.0016330427 | AK89: =U89+X89+Z89+AB89+#REF!+#REF!+AD89 -> #REF! | AL89: =AF89/D89 -> 1 | AM89: =E89*AK89 -> #REF! | AN89: =AM89*1/$E$895 -> #REF!
A90: 5.1.3 | B90: LOSA ALIGERA DE EN COCRETO PREMEZCLADO DE 5000 PSI INCLUYE FORMALETA INCLUYE DESFORMALETEADO | C90: M2 | D90: 3700.0038 | E90: 424350 | F90: =D90*E90 -> 1.5700966e+09 | G90: =F90*1/$F$885 -> 0.061723073 | H90: =IF(D90-AF90<0,AF90-D90,0) -> 0 | I90: =E90*H90 -> 0 | J90: 0 | K90: =E90*J90 -> 0 | L90: =IF(AF90=0,D90,0) -> 0 | M90: =L90*E90 -> 0 | P90: =D90+H90+J90-L90 -> 3700.0038 | Q90: =E90*P90 -> 1.5700966e+09 | R90: =AF90 -> 3700.0038 | S90: =E90*R90 -> 1.5700966e+09 | U90: 3700.0038 | V90: =E90*U90 -> 1.5700966e+09 | X90: 0 | Y90: =E90*X90 -> 0 | Z90: 0 | AA90: =E90*Z90 -> 0 | AF90: =U90+X90+Z90 -> 3700.0038 | AG90: =AF90/D90 -> 1 | AH90: =E90*AF90 -> 1.5700966e+09 | AI90: =AH90*1/$E$895 -> 0.061723073
A91: 5.1.4 | B91: ESCALERA CONCRETO 3000 PSI | C91: M3 | D91: 15.000005 | E91: 2173500 | F91: =D91*E91 -> 32602512 | G91: =F91*1/$F$885 -> 0.0012816582 | H91: =IF(D91-AF91<0,AF91-D91,0) -> 0 | I91: =E91*H91 -> 0 | J91: 0 | K91: =E91*J91 -> 0 | L91: =IF(AF91=0,D91,0) -> 0 | M91: =L91*E91 -> 0 | P91: =D91+H91+J91-L91 -> 15.000005 | Q91: =E91*P91 -> 32602512 | R91: =AF91 -> 15.000005 | S91: =E91*R91 -> 32602512 | U91: 15.000005 | V91: =E91*U91 -> 32602512 | X91: 0 | Y91: =E91*X91 -> 0 | Z91: 0 | AA91: =E91*Z91 -> 0 | AF91: =U91+X91+Z91 -> 15.000005 | AG91: =AF91/D91 -> 1 | AH91: =E91*AF91 -> 32602512 | AI91: =AH91*1/$E$895 -> 0.0012816582
A92: 5.1.5 | B92: DINTEL BOARD 10MM A=10-25CM [3 CARAS] | C92: ML | D92: 126.76948 | E92: 62100 | F92: =D92*E92 -> 7872384.8 | G92: =F92*1/$F$885 -> 0.00030947636 | H92: =IF(D92-AF92<0,AF92-D92,0) -> 0 | I92: =E92*H92 -> 0 | J92: 0 | K92: =E92*J92 -> 0 | L92: =IF(AF92=0,D92,0) -> 0 | M92: =L92*E92 -> 0 | P92: =D92+H92+J92-L92 -> 126.76948 | Q92: =E92*P92 -> 7872384.8 | R92: =AF92 -> 126.76948 | S92: =E92*R92 -> 7872384.8 | U92: 126.76948 | V92: =E92*U92 -> 7872384.8 | X92: 0 | Y92: =E92*X92 -> 0 | Z92: 0 | AA92: =E92*Z92 -> 0 | AF92: =U92+X92+Z92 -> 126.76948 | AG92: =AF92/D92 -> 1 | AH92: =E92*AF92 -> 7872384.8 | AI92: =AH92*1/$E$895 -> 0.00030947636
A93: 5.1.6 | B93: CONCRETO MURO DOVELOS 3100 PSI -420MPA | C93: M3 | D93: 71.902969 | E93: 672750 | F93: =D93*E93 -> 48372722 | G93: =F93*1/$F$885 -> 0.0019016111 | H93: =IF(D93-AF93<0,AF93-D93,0) -> 0 | I93: =E93*H93 -> 0 | J93: 0 | K93: =E93*J93 -> 0 | L93: =IF(AF93=0,D93,0) -> 0 | M93: =L93*E93 -> 0 | P93: =D93+H93+J93-L93 -> 71.902969 | Q93: =E93*P93 -> 48372722 | R93: =AF93 -> 71.902969 | S93: =E93*R93 -> 48372722 | U93: 71.902969 | V93: =E93*U93 -> 48372722 | X93: 0 | Y93: =E93*X93 -> 0 | Z93: 0 | AA93: =E93*Z93 -> 0 | AF93: =U93+X93+Z93 -> 71.902969 | AG93: =AF93/D93 -> 1 | AH93: =E93*AF93 -> 48372722 | AI93: =AH93*1/$E$895 -> 0.0019016111
A94: 5.1.7 | B94: ESCALERILLA HIERRO GRAFILADO 1/4" | C94: ML | D94: 3443.1516 | E94: 4657.5 | F94: =D94*E94 -> 16036479 | G94: =F94*1/$F$885 -> 0.00063042029 | H94: =IF(D94-AF94<0,AF94-D94,0) -> 0 | I94: =E94*H94 -> 0 | J94: 0 | K94: =E94*J94 -> 0 | L94: =IF(AF94=0,D94,0) -> 0 | M94: =L94*E94 -> 0 | P94: =D94+H94+J94-L94 -> 3443.1516 | Q94: =E94*P94 -> 16036479 | R94: =AF94 -> 3443.1516 | S94: =E94*R94 -> 16036479 | U94: 3443.1516 | V94: =E94*U94 -> 16036479 | X94: 0 | Y94: =E94*X94 -> 0 | Z94: 0 | AA94: =E94*Z94 -> 0 | AF94: =U94+X94+Z94 -> 3443.1516 | AG94: =AF94/D94 -> 1 | AH94: =E94*AF94 -> 16036479 | AI94: =AH94*1/$E$895 -> 0.00063042029
A95: 5.1.8 | B95: ANCLAJE HIERRO ,1/2"-PERF. ,5/8" 10-15C | C95: PUNTO | D95: 395.00382 | E95: 24840 | F95: =D95*E95 -> 9811895 | G95: =F95*1/$F$885 -> 0.00038572169 | H95: =IF(D95-AF95<0,AF95-D95,0) -> 0 | I95: =E95*H95 -> 0 | J95: 0 | K95: =E95*J95 -> 0 | L95: =IF(AF95=0,D95,0) -> 0 | M95: =L95*E95 -> 0 | P95: =D95+H95+J95-L95 -> 395.00382 | Q95: =E95*P95 -> 9811895 | R95: =AF95 -> 395.00382 | S95: =E95*R95 -> 9811895 | U95: 395.00382 | V95: =E95*U95 -> 9811895 | X95: 0 | Y95: =E95*X95 -> 0 | Z95: 0 | AA95: =E95*Z95 -> 0 | AF95: =U95+X95+Z95 -> 395.00382 | AG95: =AF95/D95 -> 1 | AH95: =E95*AF95 -> 9811895 | AI95: =AH95*1/$E$895 -> 0.00038572169
A96: 5.1.9 | B96: COLUMNETAS Y VIGUETAS DE 010- 0.12 X0 .15- 0.2 M | C96: ML | D96: 451.54 | E96: 77625 | F96: =D96*E96 -> 35050792 | G96: =F96*1/$F$885 -> 0.0013779042 | H96: =IF(D96-AF96<0,AF96-D96,0) -> 0 | I96: =E96*H96 -> 0 | J96: 0 | K96: =E96*J96 -> 0 | L96: =IF(AF96=0,D96,0) -> 0 | M96: =L96*E96 -> 0 | P96: =D96+H96+J96-L96 -> 451.54 | Q96: =E96*P96 -> 35050792 | R96: =AF96 -> 451.54 | S96: =E96*R96 -> 35050792 | U96: 451.54 | V96: =E96*U96 -> 35050792 | X96: 0 | Y96: =E96*X96 -> 0 | Z96: 0 | AA96: =E96*Z96 -> 0 | AF96: =U96+X96+Z96 -> 451.54 | AG96: =AF96/D96 -> 1 | AH96: =E96*AF96 -> 35050792 | AI96: =AH96*1/$E$895 -> 0.0013779042
A97: 5.1.10 | B97: COLUMNAS EN CONCRETO PREMEZCLADO DE 5000 PSI INCLUYE FORMALETA | C97: M3 | D97: 34.1 | E97: 1656000 | F97: =D97*E97 -> 56469600 | G97: =F97*1/$F$885 -> 0.0022199126 | H97: =IF(D97-AF97<0,AF97-D97,0) -> 0 | I97: =E97*H97 -> 0 | J97: 0 | K97: =E97*J97 -> 0 | L97: =IF(AF97=0,D97,0) -> 0 | M97: =L97*E97 -> 0 | P97: =D97+H97+J97-L97 -> 34.1 | Q97: =E97*P97 -> 56469600 | R97: =AF97 -> 34.1 | S97: =E97*R97 -> 56469600 | U97: 34.1 | V97: =E97*U97 -> 56469600 | X97: 0 | Y97: =E97*X97 -> 0 | Z97: 0 | AA97: =E97*Z97 -> 0 | AF97: =U97+X97+Z97 -> 34.1 | AG97: =AF97/D97 -> 1 | AH97: =E97*AF97 -> 56469600 | AI97: =AH97*1/$E$895 -> 0.0022199126
A98: 5.1.11 | B98: PANTALLA ESTRUCTURAL EN CONCRETO DE 5000 PSI INCLUYE FORMALETA DOS CARAS | C98: M3 | D98: 212.99993 | E98: 1707750 | F98: =D98*E98 -> 3.6375062e+08 | G98: =F98*1/$F$885 -> 0.014299634 | H98: =IF(D98-AF98<0,AF98-D98,0) -> 0 | I98: =E98*H98 -> 0 | J98: 0 | K98: =E98*J98 -> 0 | L98: =IF(AF98=0,D98,0) -> 0 | M98: =L98*E98 -> 0 | P98: =D98+H98+J98-L98 -> 212.99993 | Q98: =E98*P98 -> 3.6375062e+08 | R98: =AF98 -> 212.99993 | S98: =E98*R98 -> 3.6375062e+08 | U98: 212.99993 | V98: =E98*U98 -> 3.6375062e+08 | X98: 0 | Y98: =E98*X98 -> 0 | Z98: 0 | AA98: =E98*Z98 -> 0 | AF98: =U98+X98+Z98 -> 212.99993 | AG98: =AF98/D98 -> 1 | AH98: =E98*AF98 -> 3.6375062e+08 | AI98: =AH98*1/$E$895 -> 0.014299634
A99: 5.1.12 | B99: BOMBEO DE CONCRETO A MAQUINA | C99: M3 | D99: 1167.0981 | E99: 80730 | F99: =D99*E99 -> 94219831 | G99: =F99*1/$F$885 -> 0.0037039361 | H99: =IF(D99-AF99<0,AF99-D99,0) -> 0 | I99: =E99*H99 -> 0 | J99: 0 | K99: =E99*J99 -> 0 | L99: =IF(AF99=0,D99,0) -> 0 | M99: =L99*E99 -> 0 | P99: =D99+H99+J99-L99 -> 1167.0981 | Q99: =E99*P99 -> 94219831 | R99: =AF99 -> 1167.0981 | S99: =E99*R99 -> 94219831 | U99: 1167.0981 | V99: =E99*U99 -> 94219831 | X99: 0 | Y99: =E99*X99 -> 0 | Z99: 0 | AA99: =E99*Z99 -> 0 | AF99: =U99+X99+Z99 -> 1167.0981 | AG99: =AF99/D99 -> 1 | AH99: =E99*AF99 -> 94219831 | AI99: =AH99*1/$E$895 -> 0.0037039361
J100: 0 | AE100: =AD100*E100 -> 0 | AK100: =U100+X100+Z100+AB100+#REF!+#REF!+AD100 -> #REF! | AL100: =AF100/D100 -> #DIV/0! | AM100: =E100*AK100 -> #REF! | AN100: =AM100*1/$E$895 -> #REF!
B101: SUBTOTAL ESTRUCTURA | F101: =SUM(F87:F100) -> 3.8000424e+09 | I101: =SUM(I87:I100) -> 0 | K101: =SUM(K87:K100) -> 0 | M101: =SUM(M87:M100) -> 0 | Q101: =SUM(Q87:Q100) -> 3.8000424e+09 | S101: =SUM(S87:S100) -> 3.8000424e+09 | V101: =SUM(V87:V100) -> 3.8000424e+09 | Y101: =SUM(Y87:Y100) -> 0 | AA101: =SUM(AA87:AA100) -> 0 | AC101: =SUM(AC87:AC100) -> 0 | AE101: =SUM(AE87:AE100) -> 0 | AH101: =SUM(AH87:AH100) -> 3.8000424e+09 | AK101: =U101+X101+Z101+AB101+#REF!+#REF!+AD101 -> #REF! | AM101: =SUM(AM87:AM100) -> #REF!
F102: =F101*1/$F$885 -> 0.1493859 | G102: =SUM(G87:G100) -> 0.1493859 | AG102: =AH101*1/F101 -> 1 | AI102: =SUM(AI87:AI100) -> 0.1493859 | AK102: =U102+X102+Z102+AB102+#REF!+#REF!+AD102 -> #REF! | AL102: =AM101*1/F101 -> #REF! | AN102: =SUM(AN87:AN100) -> #REF!
A103: 6 | B103: MAMPOSTERIA | AK103: =U103+X103+Z103+AB103+#REF!+#REF!+AD103 -> #REF!
AD104: 0 | AE104: =AD104*E104 -> 0 | AK104: =U104+X104+Z104+AB104+#REF!+#REF!+AD104 -> #REF! | AL104: =AF104/D104 -> #DIV/0! | AM104: =E104*AK104 -> #REF! | AN104: =AM104*1/$E$895 -> #REF!
A105: 6.1.1 | B105: MURO BLOQUE CONCRETO 12X19X39 | C105: M2 | D105: 672 | E105: 101430 | F105: =D105*E105 -> 68160960 | G105: =F105*1/$F$885 -> 0.0026795191 | H105: =IF(D105-AF105<0,AF105-D105,0) -> 0 | I105: =E105*H105 -> 0 | J105: 0 | K105: =E105*J105 -> 0 | L105: =IF(AF105=0,D105,0) -> 0 | M105: =L105*E105 -> 0 | P105: =D105+H105+J105-L105 -> 672 | Q105: =E105*P105 -> 68160960 | R105: =AF105 -> 672 | S105: =E105*R105 -> 68160960 | U105: 672 | V105: =E105*U105 -> 68160960 | X105: 0 | Y105: =E105*X105 -> 0 | Z105: 0 | AA105: =E105*Z105 -> 0 | AB105: 0 | AC105: =AB105*E105 -> 0 | AD105: 2 | AE105: =AD105*E105 -> 202860 | AF105: =U105+X105+Z105 -> 672 | AG105: =AF105/D105 -> 1 | AH105: =E105*AF105 -> 68160960 | AI105: =AH105*1/$E$895 -> 0.0026795191 | AK105: =U105+X105+Z105+AB105+#REF!+#REF!+AD105 -> #REF! | AL105: =AF105/D105 -> 1 | AM105: =E105*AK105 -> #REF! | AN105: =AM105*1/$E$895 -> #REF!
A106: 6.1.2 | B106: MURO BLOQUE CONCRETO 114X19X39 | C106: M2 | D106: 941.56 | E106: 103500 | F106: =D106*E106 -> 97451460 | G106: =F106*1/$F$885 -> 0.0038309768 | H106: =IF(D106-AF106<0,AF106-D106,0) -> 0 | I106: =E106*H106 -> 0 | J106: 0 | K106: =E106*J106 -> 0 | L106: =IF(AF106=0,D106,0) -> 0 | M106: =L106*E106 -> 0 | P106: =D106+H106+J106-L106 -> 941.56 | Q106: =E106*P106 -> 97451460 | R106: =AF106 -> 941.56 | S106: =E106*R106 -> 97451460 | U106: 941.56 | V106: =E106*U106 -> 97451460 | X106: 0 | Y106: =E106*X106 -> 0 | Z106: 0 | AA106: =E106*Z106 -> 0 | AB106: 0 | AC106: =AB106*E106 -> 0 | AD106: 3.15 | AE106: =AD106*E106 -> 326025 | AF106: =U106+X106+Z106 -> 941.56 | AG106: =AF106/D106 -> 1 | AH106: =E106*AF106 -> 97451460 | AI106: =AH106*1/$E$895 -> 0.0038309768 | AK106: =U106+X106+Z106+AB106+#REF!+#REF!+AD106 -> #REF! | AL106: =AF106/D106 -> 1 | AM106: =E106*AK106 -> #REF! | AN106: =AM106*1/$E$895 -> #REF!
A107: 6.1.3 | B107: ALFAJIA EN CONCRETO DE 3000 PSI DE 0,20 X 0,10, INCLUYE REFUERZO | C107: ML | D107: 160 | E107: 78660 | F107: =D107*E107 -> 12585600 | G107: =F107*1/$F$885 -> 0.00049476058 | H107: =IF(D107-AF107<0,AF107-D107,0) -> 0 | I107: =E107*H107 -> 0 | J107: 0 | K107: =E107*J107 -> 0 | L107: =IF(AF107=0,D107,0) -> 0 | M107: =L107*E107 -> 0 | P107: =D107+H107+J107-L107 -> 160 | Q107: =E107*P107 -> 12585600 | R107: =AF107 -> 160 | S107: =E107*R107 -> 12585600 | U107: 160 | V107: =E107*U107 -> 12585600 | X107: 0 | Y107: =E107*X107 -> 0 | Z107: 0 | AA107: =E107*Z107 -> 0 | AB107: 0 | AC107: =AB107*E107 -> 0 | AD107: 13 | AE107: =AD107*E107 -> 1022580 | AF107: =U107+X107+Z107 -> 160 | AG107: =AF107/D107 -> 1 | AH107: =E107*AF107 -> 12585600 | AI107: =AH107*1/$E$895 -> 0.00049476058 | AK107: =U107+X107+Z107+AB107+#REF!+#REF!+AD107 -> #REF! | AL107: =AF107/D107 -> 1 | AM107: =E107*AK107 -> #REF! | AN107: =AM107*1/$E$895 -> #REF!
A108: 6.1.4 | B108: SUMINISTRO E INSTALACION DE CORTASOL EN GRC COLOR INTEGRAL 12A TERRACOTA AHAFLANADO EN 1/8 BOCEL DE 2 CMS MOLDE EN LAMINA DE POLIURETANO ELASTOMERO LISO | C108: ML | D108: 693.30477 | E108: 334822.5 | F108: =D108*E108 -> 2.3213404e+08 | G108: =F108*1/$F$885 -> 0.0091255697 | H108: =IF(D108-AF108<0,AF108-D108,0) -> 0 | I108: =E108*H108 -> 0 | J108: 0 | K108: =E108*J108 -> 0 | L108: =IF(AF108=0,D108,0) -> 0 | M108: =L108*E108 -> 0 | P108: =D108+H108+J108-L108 -> 693.30477 | Q108: =E108*P108 -> 2.3213404e+08 | R108: =AF108 -> 693.30477 | S108: =E108*R108 -> 2.3213404e+08 | U108: 693.30477 | V108: =E108*U108 -> 2.3213404e+08 | X108: 0 | Y108: =E108*X108 -> 0 | Z108: 0 | AA108: =E108*Z108 -> 0 | AB108: 0 | AC108: =AB108*E108 -> 0 | AD108: 435.84 | AE108: =AD108*E108 -> 1.4592904e+08 | AF108: =U108+X108+Z108 -> 693.30477 | AG108: =AF108/D108 -> 1 | AH108: =E108*AF108 -> 2.3213404e+08 | AI108: =AH108*1/$E$895 -> 0.0091255697 | AK108: =U108+X108+Z108+AB108+#REF!+#REF!+AD108 -> #REF! | AL108: =AF108/D108 -> 1 | AM108: =E108*AK108 -> #REF! | AN108: =AM108*1/$E$895 -> #REF!
...

Sheet PRELIMINARES MOVIMIENTOS TIERRA
A1: OBJETO | C1: REALIZAR LAS OBRAS NECESARIAS DE REPOSICION PARA EL MEJORAMIENO DE LA IPS TERON COLORADO, EN DESARROLLO DEL PROYECTO "FORTALECIMIENTO DE LA CAPACIDAD DE OPERACIÓN DE LA RED DE SALUD LADERA E.S.E. EN SANTIAGO DE CALI" CON FICHA BP-26005919, EN MARCO DEL CONVENIO INTERADMINISTRATIVO No. 4145.010.27.1.006-2025"
A2: CONTRATO NO. | C2: 00-2025-JCON-303
A3: CONTRATISTA | C3: CONSORCIO CENTRO DE SALUD TERRON COLORADO
A7: 1. OBRAS PRELIMINARES MOVIEMIENTOS DE TIERRA Y DEMOLICIONES
C11: % DE INCIDENCIA INICIAL | D11: % DE INCIDENCIA FINAL | E11: VALOR TOTAL DEL CONTRATO | F11: INCIDENCIA INICIAL (CANTIDAD EJECUTADA) | G11: INCIDENCIA FINAL (CANTIDAD EJECUTADA)
C17: ='ACTA 1 TERRON'!G31 -> 0.023973839 | D17: ='ACTA 1 TERRON'!AI31 -> 0.020484555 | E17: 2.5437758e+10 | F17: =C17*E17 -> 609840710 | G17: =D17*E17 -> 5.2108115e+08

Sheet PRELIMINARES
A1: OBJETO | C1: REALIZAR LAS OBRAS NECESARIAS DE REPOSICION PARA EL MEJORAMIENO DE LA IPS TERON COLORADO, EN DESARROLLO DEL PROYECTO "FORTALECIMIENTO DE LA CAPACIDAD DE OPERACIÓN DE LA RED DE SALUD LADERA E.S.E. EN SANTIAGO DE CALI" CON FICHA BP-26005919, EN MARCO DEL CONVENIO INTERADMINISTRATIVO No. 4145.010.27.1.006-2025"
A2: CONTRATO NO. | C2: 00-2025-JCON-303
A3: CONTRATISTA | C3: CONSORCIO CENTRO DE SALUD TERRON COLORADO
A7: 2. OBRAS PRELIMINARES
C11: % DE INCIDENCIA INICIAL | D11: % DE INCIDENCIA FINAL | E11: VALOR TOTAL DEL CONTRATO | F11: INCIDENCIA INICIAL (CANTIDAD EJECUTADA) | G11: INCIDENCIA FINAL (CANTIDAD EJECUTADA)
C17: ='ACTA 1 TERRON'!G55 -> 0.0050430792 | D17: ='ACTA 1 TERRON'!AI55 -> 0.006213509 | E17: 2.5437758e+10 | F17: =C17*E17 -> 128284630 | G17: =D17*E17 -> 1.5805774e+08

Sheet DESAGUE
A1: OBJETO | C1: REALIZAR LAS OBRAS NECESARIAS DE REPOSICION PARA EL MEJORAMIENO DE LA IPS TERON COLORADO, EN DESARROLLO DEL PROYECTO "FORTALECIMIENTO DE LA CAPACIDAD DE OPERACIÓN DE LA RED DE SALUD LADERA E.S.E. EN SANTIAGO DE CALI" CON FICHA BP-26005919, EN MARCO DEL CONVENIO INTERADMINISTRATIVO No. 4145.010.27.1.006-2025"
A2: CONTRATO NO. | C2: 00-2025-JCON-303
A3: CONTRATISTA | C3: CONSORCIO CENTRO DE SALUD TERRON COLORADO
A7: 3. DESAGUES BAJO TIERRA
C11: % DE INCIDENCIA INICIAL | D11: % DE INCIDENCIA FINAL | E11: VALOR TOTAL DEL CONTRATO | F11: INCIDENCIA INICIAL (CANTIDAD EJECUTADA) | G11: INCIDENCIA FINAL (CANTIDAD EJECUTADA)
C17: ='ACTA 1 TERRON'!G70 -> 0.0015901378 | D17: ='ACTA 1 TERRON'!AI70 -> 0.0015901378 | E17: 2.5437758e+10 | F17: =C17*E17 -> 40449540 | G17: =D17*E17 -> 40449540

Sheet CIMENTACION
A1: OBJETO | C1: REALIZAR LAS OBRAS NECESARIAS DE REPOSICION PARA EL MEJORAMIENO DE LA IPS TERON COLORADO, EN DESARROLLO DEL PROYECTO "FORTALECIMIENTO DE LA CAPACIDAD DE OPERACIÓN DE LA RED DE SALUD LADERA E.S.E. EN SANTIAGO DE CALI" CON FICHA BP-26005919, EN MARCO DEL CONVENIO INTERADMINISTRATIVO No. 4145.010.27.1.006-2025"
A2: CONTRATO NO. | C2: 00-2025-JCON-303
A3: CONTRATISTA | C3: CONSORCIO CENTRO DE SALUD TERRON COLORADO
A7: 4. CIMENTACION
C11: % DE INCIDENCIA INICIAL | D11: % DE INCIDENCIA FINAL | E11: VALOR TOTAL DEL CONTRATO | F11: INCIDENCIA INICIAL (CANTIDAD EJECUTADA) | G11: INCIDENCIA FINAL (CANTIDAD EJECUTADA)
C17: ='ACTA 1 TERRON'!G85 -> 0.066075137 | D17: ='ACTA 1 TERRON'!AI85 -> 0.070868165 | E17: 2.5437758e+10 | F17: =C17*E17 -> 1.6808034e+09 | G17: =D17*E17 -> 1.8027272e+09

Sheet ESTRUCTURA
A1: OBJETO | C1: REALIZAR LAS OBRAS NECESARIAS DE REPOSICION PARA EL MEJORAMIENO DE LA IPS TERON COLORADO, EN DESARROLLO DEL PROYECTO "FORTALECIMIENTO DE LA CAPACIDAD DE OPERACIÓN DE LA RED DE SALUD LADERA E.S.E. EN SANTIAGO DE CALI" CON FICHA BP-26005919, EN MARCO DEL CONVENIO INTERADMINISTRATIVO No. 4145.010.27.1.006-2025"
A2: CONTRATO NO. | C2: 00-2025-JCON-303
A3: CONTRATISTA | C3: CONSORCIO CENTRO DE SALUD TERRON COLORADO
A7: 5. INSTALACIONES ESTRUCTURA
C11: % DE INCIDENCIA INICIAL | D11: % DE INCIDENCIA FINAL | E11: VALOR TOTAL DEL CONTRATO | F11: INCIDENCIA INICIAL (CANTIDAD EJECUTADA) | G11: INCIDENCIA FINAL (CANTIDAD EJECUTADA)
C17: ='ACTA 1 TERRON'!G102 -> 0.1493859 | D17: ='ACTA 1 TERRON'!AI102 -> 0.1493859 | E17: 2.5437758e+10 | F17: =C17*E17 -> 3.8000424e+09 | G17: =D17*E17 -> 3.8000424e+09

Sheet MAMPOSTERIA
A1: OBJETO | C1: REALIZAR LAS OBRAS NECESARIAS DE REPOSICION PARA EL MEJORAMIENO DE LA IPS TERON COLORADO, EN DESARROLLO DEL PROYECTO "FORTALECIMIENTO DE LA CAPACIDAD DE OPERACIÓN DE LA RED DE SALUD LADERA E.S.E. EN SANTIAGO DE CALI" CON FICHA BP-26005919, EN MARCO DEL CONVENIO INTERADMINISTRATIVO No. 4145.010.27.1.006-2025"
A2: CONTRATO NO. | C2: 00-2025-JCON-303
A3: CONTRATISTA | C3: CONSORCIO CENTRO DE SALUD TERRON COLORADO
A7: 6. MAMPOSTERIA
C11: % DE INCIDENCIA INICIAL | D11: % DE INCIDENCIA FINAL | E11: VALOR TOTAL DEL CONTRATO | F11: INCIDENCIA INICIAL (CANTIDAD EJECUTADA) | G11: INCIDENCIA FINAL (CANTIDAD EJECUTADA)
C17: ='ACTA 1 TERRON'!G111 -> 0.016130826 | D17: ='ACTA 1 TERRON'!AI111 -> 0.016130826 | E17: 2.5437758e+10 | F17: =C17*E17 -> 4.1033206e+08 | G17: =D17*E17 -> 4.1033206e+08

Sheet CUBIERTA
A1: OBJETO | C1: REALIZAR LAS OBRAS NECESARIAS DE REPOSICION PARA EL MEJORAMIENO DE LA IPS TERON COLORADO, EN DESARROLLO DEL PROYECTO "FORTALECIMIENTO DE LA CAPACIDAD DE OPERACIÓN DE LA RED DE SALUD LADERA E.S.E. EN SANTIAGO DE CALI" CON FICHA BP-26005919, EN MARCO DEL CONVENIO INTERADMINISTRATIVO No. 4145.010.27.1.006-2025"
A2: CONTRATO NO. | C2: 00-2025-JCON-303
A3: CONTRATISTA | C3: CONSORCIO CENTRO DE SALUD TERRON COLORADO
A7: 7. CUBIERTA
C11: % DE INCIDENCIA INICIAL | D11: % DE INCIDENCIA FINAL | E11: VALOR TOTAL DEL CONTRATO | F11: INCIDENCIA INICIAL (CANTIDAD EJECUTADA) | G11: INCIDENCIA FINAL (CANTIDAD EJECUTADA)
C17: ='ACTA 1 TERRON'!G122 -> 0.010768229 | D17: ='ACTA 1 TERRON'!AI122 -> 0.010768229 | E17: 2.5437758e+10 | F17: =C17*E17 -> 2.739196e+08 | G17: =D17*E17 -> 2.739196e+08

Sheet INST. SANITARIAS
A1: OBJETO | C1: REALIZAR LAS OBRAS NECESARIAS DE REPOSICION PARA EL MEJORAMIENO DE LA IPS TERON COLORADO, EN DESARROLLO DEL PROYECTO "FORTALECIMIENTO DE LA CAPACIDAD DE OPERACIÓN DE LA RED DE SALUD LADERA E.S.E. EN SANTIAGO DE CALI" CON FICHA BP-26005919, EN MARCO DEL CONVENIO INTERADMINISTRATIVO No. 4145.010.27.1.006-2025"
A2: CONTRATO NO. | C2: 00-2025-JCON-303
A3: CONTRATISTA | C3: CONSORCIO CENTRO DE SALUD TERRON COLORADO
A7: 8. INSTALACIONES SANITARIAS Y AGUAS LLUVIAS
C11: % DE INCIDENCIA INICIAL | D11: % DE INCIDENCIA FINAL | E11: VALOR TOTAL DEL CONTRATO | F11: INCIDENCIA INICIAL (CANTIDAD EJECUTADA) | G11: INCIDENCIA FINAL (CANTIDAD EJECUTADA)
C17: ='ACTA 1 TERRON'!G137 -> 0.0014460244 | D17: ='ACTA 1 TERRON'!AI137 -> 0.0014460244 | E17: 2.5437758e+10 | F17: =C17*E17 -> 36783619 | G17: =D17*E17 -> 36783619

Sheet ALCANTARILADO
A1: OBJETO | C1: REALIZAR LAS OBRAS NECESARIAS DE REPOSICION PARA EL MEJORAMIENO DE LA IPS TERON COLORADO, EN DESARROLLO DEL PROYECTO "FORTALECIMIENTO DE LA CAPACIDAD DE OPERACIÓN DE LA RED DE SALUD LADERA E.S.E. EN SANTIAGO DE CALI" CON FICHA BP-26005919, EN MARCO DEL CONVENIO INTERADMINISTRATIVO No. 4145.010.27.1.006-2025"
A2: CONTRATO NO. | C2: 00-2025-JCON-303
A3: CONTRATISTA | C3: CONSORCIO CENTRO DE SALUD TERRON COLORADO
A7: 8.2. ALCANTARILLADO PLUVIAL
C11: % DE INCIDENCIA INICIAL | D11: % DE INCIDENCIA FINAL | E11: VALOR TOTAL DEL CONTRATO | F11: INCIDENCIA INICIAL (CANTIDAD EJECUTADA) | G11: INCIDENCIA FINAL (CANTIDAD EJECUTADA)
C17: ='ACTA 1 TERRON'!G147 -> 0.00029164837 | D17: ='ACTA 1 TERRON'!AI147 -> 0.00029164837 | E17: 2.5437758e+10 | F17: =C17*E17 -> 7418880.7 | G17: =D17*E17 -> 7418880.7

Sheet INST. HIDRAULICAS
A1: OBJETO | C1: REALIZAR LAS OBRAS NECESARIAS DE REPOSICION PARA EL MEJORAMIENO DE LA IPS TERON COLORADO, EN DESARROLLO DEL PROYECTO "FORTALECIMIENTO DE LA CAPACIDAD DE OPERACIÓN DE LA RED DE SALUD LADERA E.S.E. EN SANTIAGO DE CALI" CON FICHA BP-26005919, EN MARCO DEL CONVENIO INTERADMINISTRATIVO No. 4145.010.27.1.006-2025"
A2: CONTRATO NO. | C2: 00-2025-JCON-303
A3: CONTRATISTA | C3: CONSORCIO CENTRO DE SALUD TERRON COLORADO
A7: 9. INSTALACIONES HIDRAULICAS
C11: % DE INCIDENCIA INICIAL | D11: % DE INCIDENCIA FINAL | E11: VALOR TOTAL DEL CONTRATO | F11: INCIDENCIA INICIAL (CANTIDAD EJECUTADA) | G11: INCIDENCIA FINAL (CANTIDAD EJECUTADA)
C17: ='ACTA 1 TERRON'!G177 -> 0.010318812 | D17: ='ACTA 1 TERRON'!AI177 -> 0.0074460268 | E17: 2.5437758e+10 | F17: =C17*E17 -> 2.6248744e+08 | G17: =D17*E17 -> 1.8941023e+08

Sheet INST. ELECTRICAS
A1: OBJETO | C1: REALIZAR LAS OBRAS NECESARIAS DE REPOSICION PARA EL MEJORAMIENO DE LA IPS TERON COLORADO, EN DESARROLLO DEL PROYECTO "FORTALECIMIENTO DE LA CAPACIDAD DE OPERACIÓN DE LA RED DE SALUD LADERA E.S.E. EN SANTIAGO DE CALI" CON FICHA BP-26005919, EN MARCO DEL CONVENIO INTERADMINISTRATIVO No. 4145.010.27.1.006-2025"
A2: CONTRATO NO. | C2: 00-2025-JCON-303
A3: CONTRATISTA | C3: CONSORCIO CENTRO DE SALUD TERRON COLORADO
A7: 10. INSTALACIONES ELECTRICAS
C11: % DE INCIDENCIA INICIAL | D11: % DE INCIDENCIA FINAL | E11: VALOR TOTAL DEL CONTRATO | F11: INCIDENCIA INICIAL (CANTIDAD EJECUTADA) | G11: INCIDENCIA FINAL (CANTIDAD EJECUTADA)
C17: ='ACTA 1 TERRON'!G336 -> 0.10895569 | D17: ='ACTA 1 TERRON'!AI336 -> 0.10895569 | E17: 2.5437758e+10 | F17: =C17*E17 -> 2.7715884e+09 | G17: =D17*E17 -> 2.7715884e+09

Sheet COMUNICACIONES
A1: OBJETO | C1: REALIZAR LAS OBRAS NECESARIAS DE REPOSICION PARA EL MEJORAMIENO DE LA IPS TERON COLORADO, EN DESARROLLO DEL PROYECTO "FORTALECIMIENTO DE LA CAPACIDAD DE OPERACIÓN DE LA RED DE SALUD LADERA E.S.E. EN SANTIAGO DE CALI" CON FICHA BP-26005919, EN MARCO DEL CONVENIO INTERADMINISTRATIVO No. 4145.010.27.1.006-2025"
A2: CONTRATO NO. | C2: 00-2025-JCON-303
A3: CONTRATISTA | C3: CONSORCIO CENTRO DE SALUD TERRON COLORADO
A7: 11. COMUNICACIONES
C11: % DE INCIDENCIA INICIAL | D11: % DE INCIDENCIA FINAL | E11: VALOR TOTAL DEL CONTRATO | F11: INCIDENCIA INICIAL (CANTIDAD EJECUTADA) | G11: INCIDENCIA FINAL (CANTIDAD EJECUTADA)
C17: ='ACTA 1 TERRON'!G413 -> 0.03508027 | D17: ='ACTA 1 TERRON'!AI413 -> 0.03508027 | E17: 2.5437758e+10 | F17: =C17*E17 -> 8.9236343e+08 | G17: =D17*E17 -> 8.9236343e+08

Sheet RED. ELECTRICA
A1: OBJETO | C1: REALIZAR LAS OBRAS NECESARIAS DE REPOSICION PARA EL MEJORAMIENO DE LA IPS TERON COLORADO, EN DESARROLLO DEL PROYECTO "FORTALECIMIENTO DE LA CAPACIDAD DE OPERACIÓN DE LA RED DE SALUD LADERA E.S.E. EN SANTIAGO DE CALI" CON FICHA BP-26005919, EN MARCO DEL CONVENIO INTERADMINISTRATIVO No. 4145.010.27.1.006-2025"
A2: CONTRATO NO. | C2: 00-2025-JCON-303
A3: CONTRATISTA | C3: CONSORCIO CENTRO DE SALUD TERRON COLORADO
A7: 12. REDES ELECTRICAS
C11: % DE INCIDENCIA INICIAL | D11: % DE INCIDENCIA FINAL | E11: VALOR TOTAL DEL CONTRATO | F11: INCIDENCIA INICIAL (CANTIDAD EJECUTADA) | G11: INCIDENCIA FINAL (CANTIDAD EJECUTADA)
C17: ='ACTA 1 TERRON'!G454 -> 0.0065256749 | D17: ='ACTA 1 TERRON'!AI454 -> 0.0065256749 | E17: 2.5437758e+10 | F17: =C17*E17 -> 1.6599854e+08 | G17: =D17*E17 -> 1.6599854e+08

Sheet REVESTIMIENTOS
A1: OBJETO | C1: REALIZAR LAS OBRAS NECESARIAS DE REPOSICION PARA EL MEJORAMIENO DE LA IPS TERON COLORADO, EN DESARROLLO DEL PROYECTO "FORTALECIMIENTO DE LA CAPACIDAD DE OPERACIÓN DE LA RED DE SALUD LADERA E.S.E. EN SANTIAGO DE CALI" CON FICHA BP-26005919, EN MARCO DEL CONVENIO INTERADMINISTRATIVO No. 4145.010.27.1.006-2025"
A2: CONTRATO NO. | C2: 00-2025-JCON-303
A3: CONTRATISTA | C3: CONSORCIO CENTRO DE SALUD TERRON COLORADO
A7: 13. REVESTIMIENTOS
C11: % DE INCIDENCIA INICIAL | D11: % DE INCIDENCIA FINAL | E11: VALOR TOTAL DEL CONTRATO | F11: INCIDENCIA INICIAL (CANTIDAD EJECUTADA) | G11: INCIDENCIA FINAL (CANTIDAD EJECUTADA)
C17: ='ACTA 1 TERRON'!G463 -> 0.0060799623 | D17: ='ACTA 1 TERRON'!AI463 -> 0.0060799623 | E17: 2.5437758e+10 | F17: =C17*E17 -> 1.5466061e+08 | G17: =D17*E17 -> 1.5466061e+08

Sheet PISOS
A1: OBJETO | C1: REALIZAR LAS OBRAS NECESARIAS DE REPOSICION PARA EL MEJORAMIENO DE LA IPS TERON COLORADO, EN DESARROLLO DEL PROYECTO "FORTALECIMIENTO DE LA CAPACIDAD DE OPERACIÓN DE LA RED DE SALUD LADERA E.S.E. EN SANTIAGO DE CALI" CON FICHA BP-26005919, EN MARCO DEL CONVENIO INTERADMINISTRATIVO No. 4145.010.27.1.006-2025"
A2: CONTRATO NO. | C2: 00-2025-JCON-303
A3: CONTRATISTA | C3: CONSORCIO CENTRO DE SALUD TERRON COLORADO
A7: 14. PISOS
C11: % DE INCIDENCIA INICIAL | D11: % DE INCIDENCIA FINAL | E11: VALOR TOTAL DEL CONTRATO | F11: INCIDENCIA INICIAL (CANTIDAD EJECUTADA) | G11: INCIDENCIA FINAL (CANTIDAD EJECUTADA)
C17: ='ACTA 1 TERRON'!G477 -> 0.029213184 | D17: ='ACTA 1 TERRON'!AI477 -> 0.029213184 | E17: 2.5437758e+10 | F17: =C17*E17 -> 7.431179e+08 | G17: =D17*E17 -> 7.431179e+08

Sheet CARP. MADERA
A1: OBJETO | C1: REALIZAR LAS OBRAS NECESARIAS DE REPOSICION PARA EL MEJORAMIENO DE LA IPS TERON COLORADO, EN DESARROLLO DEL PROYECTO "FORTALECIMIENTO DE LA CAPACIDAD DE OPERACIÓN DE LA RED DE SALUD LADERA E.S.E. EN SANTIAGO DE CALI" CON FICHA BP-26005919, EN MARCO DEL CONVENIO INTERADMINISTRATIVO No. 4145.010.27.1.006-2025"
A2: CONTRATO NO. | C2: 00-2025-JCON-303
A3: CONTRATISTA | C3: CONSORCIO CENTRO DE SALUD TERRON COLORADO
A7: 15. CARPINTERIA EN MADERA Y METALICA
C11: % DE INCIDENCIA INICIAL | D11: % DE INCIDENCIA FINAL | E11: VALOR TOTAL DEL CONTRATO | F11: INCIDENCIA INICIAL (CANTIDAD EJECUTADA) | G11: INCIDENCIA FINAL (CANTIDAD EJECUTADA)
C17: ='ACTA 1 TERRON'!G489 -> 0.0093488781 | D17: ='ACTA 1 TERRON'!AI489 -> 0.0093488781 | E17: 2.5437758e+10 | F17: =C17*E17 -> 2.378145e+08 | G17: =D17*E17 -> 2.378145e+08

Sheet CARP. METALICA
A1: OBJETO | C1: REALIZAR LAS OBRAS NECESARIAS DE REPOSICION PARA EL MEJORAMIENO DE LA IPS TERON COLORADO, EN DESARROLLO DEL PROYECTO "FORTALECIMIENTO DE LA CAPACIDAD DE OPERACIÓN DE LA RED DE SALUD LADERA E.S.E. EN SANTIAGO DE CALI" CON FICHA BP-26005919, EN MARCO DEL CONVENIO INTERADMINISTRATIVO No. 4145.010.27.1.006-2025"
A2: CONTRATO NO. | C2: 00-2025-JCON-303
A3: CONTRATISTA | C3: CONSORCIO CENTRO DE SALUD TERRON COLORADO
A7: 16. CARPINTERIA METALICA ALUMINIO
C11: % DE INCIDENCIA INICIAL | D11: % DE INCIDENCIA FINAL | E11: VALOR TOTAL DEL CONTRATO | F11: INCIDENCIA INICIAL (CANTIDAD EJECUTADA) | G11: INCIDENCIA FINAL (CANTIDAD EJECUTADA)
C17: ='ACTA 1 TERRON'!G507 -> 0.026550342 | D17: ='ACTA 1 TERRON'!AI507 -> 0.026550342 | E17: 2.5437758e+10 | F17: =C17*E17 -> 6.7538117e+08 | G17: =D17*E17 -> 6.7538117e+08

Sheet DIVISIONES
A1: OBJETO | C1: REALIZAR LAS OBRAS NECESARIAS DE REPOSICION PARA EL MEJORAMIENO DE LA IPS TERON COLORADO, EN DESARROLLO DEL PROYECTO "FORTALECIMIENTO DE LA CAPACIDAD DE OPERACIÓN DE LA RED DE SALUD LADERA E.S.E. EN SANTIAGO DE CALI" CON FICHA BP-26005919, EN MARCO DEL CONVENIO INTERADMINISTRATIVO No. 4145.010.27.1.006-2025"
A2: CONTRATO NO. | C2: 00-2025-JCON-303
A3: CONTRATISTA | C3: CONSORCIO CENTRO DE SALUD TERRON COLORADO
A7: 17. DIVISIONES
C11: % DE INCIDENCIA INICIAL | D11: % DE INCIDENCIA FINAL | E11: VALOR TOTAL DEL CONTRATO | F11: INCIDENCIA INICIAL (CANTIDAD EJECUTADA) | G11: INCIDENCIA FINAL (CANTIDAD EJECUTADA)
C17: ='ACTA 1 TERRON'!G515 -> 0.025753464 | D17: ='ACTA 1 TERRON'!AI515 -> 0.025753464 | E17: 2.5437758e+10 | F17: =C17*E17 -> 6.5511038e+08 | G17: =D17*E17 -> 6.5511038e+08

Sheet EQUIPAMIENTO BAÑOS
A1: OBJETO | C1: REALIZAR LAS OBRAS NECESARIAS DE REPOSICION PARA EL MEJORAMIENO DE LA IPS TERON COLORADO, EN DESARROLLO DEL PROYECTO "FORTALECIMIENTO DE LA CAPACIDAD DE OPERACIÓN DE LA RED DE SALUD LADERA E.S.E. EN SANTIAGO DE CALI" CON FICHA BP-26005919, EN MARCO DEL CONVENIO INTERADMINISTRATIVO No. 4145.010.27.1.006-2025"
A2: CONTRATO NO. | C2: 00-2025-JCON-303
A3: CONTRATISTA | C3: CONSORCIO CENTRO DE SALUD TERRON COLORADO
A7: 18. EQUIPAMIENTO BAÑOS - OTROS
C11: % DE INCIDENCIA INICIAL | D11: % DE INCIDENCIA FINAL | E11: VALOR TOTAL DEL CONTRATO | F11: INCIDENCIA INICIAL (CANTIDAD EJECUTADA) | G11: INCIDENCIA FINAL (CANTIDAD EJECUTADA)
C17: ='ACTA 1 TERRON'!G536 -> 0.017004868 | D17: ='ACTA 1 TERRON'!AI536 -> 0.0063121046 | E17: 2.5437758e+10 | F17: =C17*E17 -> 4.3256572e+08 | G17: =D17*E17 -> 1.6056579e+08

Sheet PINTURA
A1: OBJETO | C1: REALIZAR LAS OBRAS NECESARIAS DE REPOSICION PARA EL MEJORAMIENO DE LA IPS TERON COLORADO, EN DESARROLLO DEL PROYECTO "FORTALECIMIENTO DE LA CAPACIDAD DE OPERACIÓN DE LA RED DE SALUD LADERA E.S.E. EN SANTIAGO DE CALI" CON FICHA BP-26005919, EN MARCO DEL CONVENIO INTERADMINISTRATIVO No. 4145.010.27.1.006-2025"
A2: CONTRATO NO. | C2: 00-2025-JCON-303
A3: CONTRATISTA | C3: CONSORCIO CENTRO DE SALUD TERRON COLORADO
A7: 19. PINTURA
C11: % DE INCIDENCIA INICIAL | D11: % DE INCIDENCIA FINAL | E11: VALOR TOTAL DEL CONTRATO | F11: INCIDENCIA INICIAL (CANTIDAD EJECUTADA) | G11: INCIDENCIA FINAL (CANTIDAD EJECUTADA)
C17: ='ACTA 1 TERRON'!G549 -> 0.012505746 | D17: ='ACTA 1 TERRON'!AI549 -> 0.012505746 | E17: 2.5437758e+10 | F17: =C17*E17 -> 3.1811815e+08 | G17: =D17*E17 -> 3.1811815e+08

Sheet OBRAS EXTERIORES
A1: OBJETO | C1: REALIZAR LAS OBRAS NECESARIAS DE REPOSICION PARA EL MEJORAMIENO DE LA IPS TERON COLORADO, EN DESARROLLO DEL PROYECTO "FORTALECIMIENTO DE LA CAPACIDAD DE OPERACIÓN DE LA RED DE SALUD LADERA E.S.E. EN SANTIAGO DE CALI" CON FICHA BP-26005919, EN MARCO DEL CONVENIO INTERADMINISTRATIVO No. 4145.010.27.1.006-2025"
A2: CONTRATO NO. | C2: 00-2025-JCON-303
A3: CONTRATISTA | C3: CONSORCIO CENTRO DE SALUD TERRON COLORADO
A7: 20. OBRAS EXTERIORES - CERRAMIENTOS
C11: % DE INCIDENCIA INICIAL | D11: % DE INCIDENCIA FINAL | E11: VALOR TOTAL DEL CONTRATO | F11: INCIDENCIA INICIAL (CANTIDAD EJECUTADA) | G11: INCIDENCIA FINAL (CANTIDAD EJECUTADA)
C17: ='ACTA 1 TERRON'!G562 -> 0.0011381181 | D17: ='ACTA 1 TERRON'!AI562 -> 0.0006629284 | E17: 2.5437758e+10 | F17: =C17*E17 -> 28951172 | G17: =D17*E17 -> 16863412

Sheet LIMPIEZA VARIOS
A1: OBJETO | C1: REALIZAR LAS OBRAS NECESARIAS DE REPOSICION PARA EL MEJORAMIENO DE LA IPS TERON COLORADO, EN DESARROLLO DEL PROYECTO "FORTALECIMIENTO DE LA CAPACIDAD DE OPERACIÓN DE LA RED DE SALUD LADERA E.S.E. EN SANTIAGO DE CALI" CON FICHA BP-26005919, EN MARCO DEL CONVENIO INTERADMINISTRATIVO No. 4145.010.27.1.006-2025"
A2: CONTRATO NO. | C2: 00-2025-JCON-303
A3: CONTRATISTA | C3: CONSORCIO CENTRO DE SALUD TERRON COLORADO
A7: 21. LIMPIEZA - VARIOS
C11: % DE INCIDENCIA INICIAL | D11: % DE INCIDENCIA FINAL | E11: VALOR TOTAL DEL CONTRATO | F11: INCIDENCIA INICIAL (CANTIDAD EJECUTADA) | G11: INCIDENCIA FINAL (CANTIDAD EJECUTADA)
C17: ='ACTA 1 TERRON'!G570 -> 0.0041817917 | D17: ='ACTA 1 TERRON'!AI570 -> 0.0041807567 | E17: 2.5437758e+10 | F17: =C17*E17 -> 1.0637541e+08 | G17: =D17*E17 -> 1.0634908e+08

Sheet RCI
A1: OBJETO | C1: REALIZAR LAS OBRAS NECESARIAS DE REPOSICION PARA EL MEJORAMIENO DE LA IPS TERON COLORADO, EN DESARROLLO DEL PROYECTO "FORTALECIMIENTO DE LA CAPACIDAD DE OPERACIÓN DE LA RED DE SALUD LADERA E.S.E. EN SANTIAGO DE CALI" CON FICHA BP-26005919, EN MARCO DEL CONVENIO INTERADMINISTRATIVO No. 4145.010.27.1.006-2025"
A2: CONTRATO NO. | C2: 00-2025-JCON-303
A3: CONTRATISTA | C3: CONSORCIO CENTRO DE SALUD TERRON COLORADO
A7: 22. RED CONTRAINCENDIOS
C11: % DE INCIDENCIA INICIAL | D11: % DE INCIDENCIA FINAL | E11: VALOR TOTAL DEL CONTRATO | F11: INCIDENCIA INICIAL (CANTIDAD EJECUTADA) | G11: INCIDENCIA FINAL (CANTIDAD EJECUTADA)
C17: ='ACTA 1 TERRON'!G603 -> 0.0098707086 | D17: ='ACTA 1 TERRON'!AI603 -> 0.0098707086 | E17: 2.5437758e+10 | F17: =C17*E17 -> 2.510887e+08 | G17: =D17*E17 -> 2.510887e+08

Sheet AIRE ACONDICIONADO
A1: OBJETO | C1: REALIZAR LAS OBRAS NECESARIAS DE REPOSICION PARA EL MEJORAMIENO DE LA IPS TERON COLORADO, EN DESARROLLO DEL PROYECTO "FORTALECIMIENTO DE LA CAPACIDAD DE OPERACIÓN DE LA RED DE SALUD LADERA E.S.E. EN SANTIAGO DE CALI" CON FICHA BP-26005919, EN MARCO DEL CONVENIO INTERADMINISTRATIVO No. 4145.010.27.1.006-2025"
A2: CONTRATO NO. | C2: 00-2025-JCON-303
A3: CONTRATISTA | C3: CONSORCIO CENTRO DE SALUD TERRON COLORADO
A7: 23. SISTEMA DE AIRE ACONDICIONADO Y VENTILACION MECANICA
C11: % DE INCIDENCIA INICIAL | D11: % DE INCIDENCIA FINAL | E11: VALOR TOTAL DEL CONTRATO | F11: INCIDENCIA INICIAL (CANTIDAD EJECUTADA) | G11: INCIDENCIA FINAL (CANTIDAD EJECUTADA)
C17: ='ACTA 1 TERRON'!G688 -> 0.063049007 | D17: ='ACTA 1 TERRON'!AI688 -> 0.063049007 | E17: 2.5437758e+10 | F17: =C17*E17 -> 1.6038254e+09 | G17: =D17*E17 -> 1.6038254e+09

Sheet GASES MEDICINALES
A1: OBJETO | C1: REALIZAR LAS OBRAS NECESARIAS DE REPOSICION PARA EL MEJORAMIENO DE LA IPS TERON COLORADO, EN DESARROLLO DEL PROYECTO "FORTALECIMIENTO DE LA CAPACIDAD DE OPERACIÓN DE LA RED DE SALUD LADERA E.S.E. EN SANTIAGO DE CALI" CON FICHA BP-26005919, EN MARCO DEL CONVENIO INTERADMINISTRATIVO No. 4145.010.27.1.006-2025"
A2: CONTRATO NO. | C2: 00-2025-JCON-303
A3: CONTRATISTA | C3: CONSORCIO CENTRO DE SALUD TERRON COLORADO
A7: 24.REDES GASES MEDICINALES
C11: % DE INCIDENCIA INICIAL | D11: % DE INCIDENCIA FINAL | E11: VALOR TOTAL DEL CONTRATO | F11: INCIDENCIA INICIAL (CANTIDAD EJECUTADA) | G11: INCIDENCIA FINAL (CANTIDAD EJECUTADA)
C17: ='ACTA 1 TERRON'!G738 -> 0.014235357 | D17: ='ACTA 1 TERRON'!AI738 -> 0.014235357 | E17: 2.5437758e+10 | F17: =C17*E17 -> 3.6211558e+08 | G17: =D17*E17 -> 3.6211558e+08

Sheet SEÑALETICA
A1: OBJETO | C1: REALIZAR LAS OBRAS NECESARIAS DE REPOSICION PARA EL MEJORAMIENO DE LA IPS TERON COLORADO, EN DESARROLLO DEL PROYECTO "FORTALECIMIENTO DE LA CAPACIDAD DE OPERACIÓN DE LA RED DE SALUD LADERA E.S.E. EN SANTIAGO DE CALI" CON FICHA BP-26005919, EN MARCO DEL CONVENIO INTERADMINISTRATIVO No. 4145.010.27.1.006-2025"
A2: CONTRATO NO. | C2: 00-2025-JCON-303
A3: CONTRATISTA | C3: CONSORCIO CENTRO DE SALUD TERRON COLORADO
A7: 25. SEÑALETICA HOSPITALARIA
C11: % DE INCIDENCIA INICIAL | D11: % DE INCIDENCIA FINAL | E11: VALOR TOTAL DEL CONTRATO | F11: INCIDENCIA INICIAL (CANTIDAD EJECUTADA) | G11: INCIDENCIA FINAL (CANTIDAD EJECUTADA)
C17: ='ACTA 1 TERRON'!G752 -> 0.0050848226 | D17: ='ACTA 1 TERRON'!AI752 -> 0.00018923837 | E17: 2.5437758e+10 | F17: =C17*E17 -> 1.2934649e+08 | G17: =D17*E17 -> 4813800

Sheet OBRAS COMPLEMENTARIAS
A1: OBJETO | C1: REALIZAR LAS OBRAS NECESARIAS DE REPOSICION PARA EL MEJORAMIENO DE LA IPS TERON COLORADO, EN DESARROLLO DEL PROYECTO "FORTALECIMIENTO DE LA CAPACIDAD DE OPERACIÓN DE LA RED DE SALUD LADERA E.S.E. EN SANTIAGO DE CALI" CON FICHA BP-26005919, EN MARCO DEL CONVENIO INTERADMINISTRATIVO No. 4145.010.27.1.006-2025"
A2: CONTRATO NO. | C2: 00-2025-JCON-303
A3: CONTRATISTA | C3: CONSORCIO CENTRO DE SALUD TERRON COLORADO
A7: 27. OBRAS COMPLEMENTARIAS
C11: % DE INCIDENCIA INICIAL | D11: % DE INCIDENCIA FINAL | E11: VALOR TOTAL DEL CONTRATO | F11: INCIDENCIA INICIAL (CANTIDAD EJECUTADA) | G11: INCIDENCIA FINAL (CANTIDAD EJECUTADA)
C17: 0 | D17: =G17/E17 -> 0.025847022 | E17: 2.5437758e+10 | F17: =C17*E17 -> 0 | G17: ='ACTA 1 TERRON'!AH785 -> 6.574903e+08

Sheet EQUIPOS ELECTR.
A1: OBJETO | C1: REALIZAR LAS OBRAS NECESARIAS DE REPOSICION PARA EL MEJORAMIENO DE LA IPS TERON COLORADO, EN DESARROLLO DEL PROYECTO "FORTALECIMIENTO DE LA CAPACIDAD DE OPERACIÓN DE LA RED DE SALUD LADERA E.S.E. EN SANTIAGO DE CALI" CON FICHA BP-26005919, EN MARCO DEL CONVENIO INTERADMINISTRATIVO No. 4145.010.27.1.006-2025"
A2: CONTRATO NO. | C2: 00-2025-JCON-303
A3: CONTRATISTA | C3: CONSORCIO CENTRO DE SALUD TERRON COLORADO
A7: 26.1. EQUIPOS ELÉCTRICOS
C11: % DE INCIDENCIA INICIAL | D11: % DE INCIDENCIA FINAL | E11: VALOR TOTAL DEL CONTRATO | F11: INCIDENCIA INICIAL (CANTIDAD EJECUTADA) | G11: INCIDENCIA FINAL (CANTIDAD EJECUTADA)
C17: ='ACTA 1 TERRON'!G808 -> 0.0056098497 | D17: ='ACTA 1 TERRON'!AI808 -> 0.0016707447 | E17: 2.5437758e+10 | F17: =C17*E17 -> 142702000 | G17: =D17*E17 -> 42500000

Sheet EQUIPOS SENSORES
A1: OBJETO | C1: REALIZAR LAS OBRAS NECESARIAS DE REPOSICION PARA EL MEJORAMIENO DE LA IPS TERON COLORADO, EN DESARROLLO DEL PROYECTO "FORTALECIMIENTO DE LA CAPACIDAD DE OPERACIÓN DE LA RED DE SALUD LADERA E.S.E. EN SANTIAGO DE CALI" CON FICHA BP-26005919, EN MARCO DEL CONVENIO INTERADMINISTRATIVO No. 4145.010.27.1.006-2025"
A2: CONTRATO NO. | C2: 00-2025-JCON-303
A3: CONTRATISTA | C3: CONSORCIO CENTRO DE SALUD TERRON COLORADO
A7: 26.2. EQUIPOS SENSORES
C11: % DE INCIDENCIA INICIAL | D11: % DE INCIDENCIA FINAL | E11: VALOR TOTAL DEL CONTRATO | F11: INCIDENCIA INICIAL (CANTIDAD EJECUTADA) | G11: INCIDENCIA FINAL (CANTIDAD EJECUTADA)
C17: ='ACTA 1 TERRON'!G821 -> 0.0047272248 | D17: ='ACTA 1 TERRON'!AI821 -> 0.0047272248 | E17: 2.5437758e+10 | F17: =C17*E17 -> 120250000 | G17: =D17*E17 -> 120250000

Sheet EQUIPOS TRANSMISION
A1: OBJETO | C1: REALIZAR LAS OBRAS NECESARIAS DE REPOSICION PARA EL MEJORAMIENO DE LA IPS TERON COLORADO, EN DESARROLLO DEL PROYECTO "FORTALECIMIENTO DE LA CAPACIDAD DE OPERACIÓN DE LA RED DE SALUD LADERA E.S.E. EN SANTIAGO DE CALI" CON FICHA BP-26005919, EN MARCO DEL CONVENIO INTERADMINISTRATIVO No. 4145.010.27.1.006-2025"
A2: CONTRATO NO. | C2: 00-2025-JCON-303
A3: CONTRATISTA | C3: CONSORCIO CENTRO DE SALUD TERRON COLORADO
A7: 26.3. Realizar la adquisición de equipamiento fijo de trasmisión y recepción de audio
C11: % DE INCIDENCIA INICIAL | D11: % DE INCIDENCIA FINAL | E11: VALOR TOTAL DEL CONTRATO | F11: INCIDENCIA INICIAL (CANTIDAD EJECUTADA) | G11: INCIDENCIA FINAL (CANTIDAD EJECUTADA)
C17: ='ACTA 1 TERRON'!G833 -> 0.0022708369 | D17: ='ACTA 1 TERRON'!AI833 -> 0.0022708369 | E17: 2.5437758e+10 | F17: =C17*E17 -> 57765000 | G17: =D17*E17 -> 57765000

Sheet EQUIPOS FIJO ELEVACION
A1: OBJETO | C1: REALIZAR LAS OBRAS NECESARIAS DE REPOSICION PARA EL MEJORAMIENO DE LA IPS TERON COLORADO, EN DESARROLLO DEL PROYECTO "FORTALECIMIENTO DE LA CAPACIDAD DE OPERACIÓN DE LA RED DE SALUD LADERA E.S.E. EN SANTIAGO DE CALI" CON FICHA BP-26005919, EN MARCO DEL CONVENIO INTERADMINISTRATIVO No. 4145.010.27.1.006-2025"
A2: CONTRATO NO. | C2: 00-2025-JCON-303
A3: CONTRATISTA | C3: CONSORCIO CENTRO DE SALUD TERRON COLORADO
A7: 26.4. Realizar la adquisición de equipamiento fijo de elevación
C11: % DE INCIDENCIA INICIAL | D11: % DE INCIDENCIA FINAL | E11: VALOR TOTAL DEL CONTRATO | F11: INCIDENCIA INICIAL (CANTIDAD EJECUTADA) | G11: INCIDENCIA FINAL (CANTIDAD EJECUTADA)
C17: ='ACTA 1 TERRON'!G842 -> 0.046033931 | D17: ='ACTA 1 TERRON'!AI842 -> 0.037680207 | E17: 2.5437758e+10 | F17: =C17*E17 -> 1.171e+09 | G17: =D17*E17 -> 9.585e+08

Sheet EQUIPOS FIJO BOMBEO
A1: OBJETO | C1: REALIZAR LAS OBRAS NECESARIAS DE REPOSICION PARA EL MEJORAMIENO DE LA IPS TERON COLORADO, EN DESARROLLO DEL PROYECTO "FORTALECIMIENTO DE LA CAPACIDAD DE OPERACIÓN DE LA RED DE SALUD LADERA E.S.E. EN SANTIAGO DE CALI" CON FICHA BP-26005919, EN MARCO DEL CONVENIO INTERADMINISTRATIVO No. 4145.010.27.1.006-2025"
A2: CONTRATO NO. | C2: 00-2025-JCON-303
A3: CONTRATISTA | C3: CONSORCIO CENTRO DE SALUD TERRON COLORADO
A7: 26.5. Realizar la adquisición de equipamiento fijo de bombeo
C11: % DE INCIDENCIA INICIAL | D11: % DE INCIDENCIA FINAL | E11: VALOR TOTAL DEL CONTRATO | F11: INCIDENCIA INICIAL (CANTIDAD EJECUTADA) | G11: INCIDENCIA FINAL (CANTIDAD EJECUTADA)
C17: ='ACTA 1 TERRON'!G850 -> 0.0044794828 | D17: ='ACTA 1 TERRON'!AI850 -> 0.0044794828 | E17: 2.5437758e+10 | F17: =C17*E17 -> 113948000 | G17: =D17*E17 -> 113948000

Sheet EQUIPOS AIRE 
A1: OBJETO | C1: REALIZAR LAS OBRAS NECESARIAS DE REPOSICION PARA EL MEJORAMIENO DE LA IPS TERON COLORADO, EN DESARROLLO DEL PROYECTO "FORTALECIMIENTO DE LA CAPACIDAD DE OPERACIÓN DE LA RED DE SALUD LADERA E.S.E. EN SANTIAGO DE CALI" CON FICHA BP-26005919, EN MARCO DEL CONVENIO INTERADMINISTRATIVO No. 4145.010.27.1.006-2025"
A2: CONTRATO NO. | C2: 00-2025-JCON-303
A3: CONTRATISTA | C3: CONSORCIO CENTRO DE SALUD TERRON COLORADO
A7: 26.6. EQUIPOS AIRE ACONDICIONADO
C11: % DE INCIDENCIA INICIAL | D11: % DE INCIDENCIA FINAL | E11: VALOR TOTAL DEL CONTRATO | F11: INCIDENCIA INICIAL (CANTIDAD EJECUTADA) | G11: INCIDENCIA FINAL (CANTIDAD EJECUTADA)
C17: ='ACTA 1 TERRON'!G873 -> 0.072800692 | D17: ='ACTA 1 TERRON'!AI873 -> 0.072800692 | E17: 2.5437758e+10 | F17: =C17*E17 -> 1.8518864e+09 | G17: =D17*E17 -> 1.8518864e+09

Sheet RESUMEN
A1: OBJETO | C1: REALIZAR LAS OBRAS NECESARIAS DE REPOSICION PARA EL MEJORAMIENO DE LA IPS TERON COLORADO, EN DESARROLLO DEL PROYECTO "FORTALECIMIENTO DE LA CAPACIDAD DE OPERACIÓN DE LA RED DE SALUD LADERA E.S.E. EN SANTIAGO DE CALI" CON FICHA BP-26005919, EN MARCO DEL CONVENIO INTERADMINISTRATIVO No. 4145.010.27.1.006-2025"
A2: CONTRATO NO. | C2: 00-2025-JCON-303
A3: CONTRATISTA | C3: CONSORCIO CENTRO DE SALUD TERRON COLORADO
D8: RESUMEN GENERAL POR CAPITULOS
D13: Valor del contrato | E13: 2.5437758e+10
C14: Actividad | D14: Incidencia Inicial | E14: Incidencia Final | F14: Incidencia Inicial | G14: Incidencia Final
C15: OBRAS PRELIMINARES MOVIEMIENTOS DE TIERRA Y DEMOLICIONES | D15: ='PRELIMINARES MOVIMIENTOS TIERRA'!C17 -> 0.023973839 | E15: ='PRELIMINARES MOVIMIENTOS TIERRA'!D17 -> 0.020484555 | F15: =D15*$E$13 -> 609840710 | G15: =E15*$E$13 -> 5.2108115e+08
C16: OBRAS PRELIMINARES | D16: =PRELIMINARES!C17 -> 0.0050430792 | E16: =PRELIMINARES!D17 -> 0.006213509 | F16: =D16*$E$13 -> 128284630 | G16: =E16*$E$13 -> 1.5805774e+08
C17: DESAGUES BAJO TIERRA | D17: =DESAGUE!C17 -> 0.0015901378 | E17: =DESAGUE!D17 -> 0.0015901378 | F17: =D17*$E$13 -> 40449540 | G17: =E17*$E$13 -> 40449540
C18: CIMENTACION | D18: =CIMENTACION!C17 -> 0.066075137 | E18: =CIMENTACION!D17 -> 0.070868165 | F18: =D18*$E$13 -> 1.6808034e+09 | G18: =E18*$E$13 -> 1.8027272e+09
C19: INSTALACIONES ESTRUCTURA | D19: =ESTRUCTURA!C17 -> 0.1493859 | E19: =ESTRUCTURA!D17 -> 0.1493859 | F19: =D19*$E$13 -> 3.8000424e+09 | G19: =E19*$E$13 -> 3.8000424e+09
C20: MAMPOSTERIA | D20: =MAMPOSTERIA!C17 -> 0.016130826 | E20: =MAMPOSTERIA!D17 -> 0.016130826 | F20: =D20*$E$13 -> 4.1033206e+08 | G20: =E20*$E$13 -> 4.1033206e+08
C21: CUBIERTA | D21: =CUBIERTA!C17 -> 0.010768229 | E21: =CUBIERTA!D17 -> 0.010768229 | F21: =D21*$E$13 -> 2.739196e+08 | G21: =E21*$E$13 -> 2.739196e+08
C22: INSTALACIONES SANITARIAS Y AGUAS LLUVIAS | D22: ='INST. SANITARIAS'!C17 -> 0.0014460244 | E22: ='INST. SANITARIAS'!D17 -> 0.0014460244 | F22: =D22*$E$13 -> 36783619 | G22: =E22*$E$13 -> 36783619
C23: ALCANTARILLADO PLUVIAL | D23: =ALCANTARILADO!C17 -> 0.00029164837 | E23: =ALCANTARILADO!D17 -> 0.00029164837 | F23: =D23*$E$13 -> 7418880.7 | G23: =E23*$E$13 -> 7418880.7
C24: INSTALACIONES HIDRAULICAS | D24: ='INST. HIDRAULICAS'!C17 -> 0.010318812 | E24: ='INST. HIDRAULICAS'!D17 -> 0.0074460268 | F24: =D24*$E$13 -> 2.6248744e+08 | G24: =E24*$E$13 -> 1.8941023e+08
C25: INSTALACIONES ELECTRICAS | D25: ='INST. ELECTRICAS'!C17 -> 0.10895569 | E25: ='INST. ELECTRICAS'!D17 -> 0.10895569 | F25: =D25*$E$13 -> 2.7715884e+09 | G25: =E25*$E$13 -> 2.7715884e+09
C26: COMUNICACIONES | D26: =COMUNICACIONES!C17 -> 0.03508027 | E26: =COMUNICACIONES!D17 -> 0.03508027 | F26: =D26*$E$13 -> 8.9236343e+08 | G26: =E26*$E$13 -> 8.9236343e+08
C27: REDES ELECTRICAS | D27: ='RED. ELECTRICA'!C17 -> 0.0065256749 | E27: ='RED. ELECTRICA'!D17 -> 0.0065256749 | F27: =D27*$E$13 -> 1.6599854e+08 | G27: =E27*$E$13 -> 1.6599854e+08
C28: REVESTIMIENTOS | D28: =REVESTIMIENTOS!C17 -> 0.0060799623 | E28: =REVESTIMIENTOS!D17 -> 0.0060799623 | F28: =D28*$E$13 -> 1.5466061e+08 | G28: =E28*$E$13 -> 1.5466061e+08
C29: PISOS | D29: =PISOS!C17 -> 0.029213184 | E29: =PISOS!D17 -> 0.029213184 | F29: =D29*$E$13 -> 7.431179e+08 | G29: =E29*$E$13 -> 7.431179e+08
C30: CARPINTERIA EN MADERA Y METALICA | D30: ='CARP. MADERA'!C17 -> 0.0093488781 | E30: ='CARP. MADERA'!D17 -> 0.0093488781 | F30: =D30*$E$13 -> 2.378145e+08 | G30: =E30*$E$13 -> 2.378145e+08
C31: CARPINTERIA METALICA ALUMINIO | D31: ='CARP. METALICA'!C17 -> 0.026550342 | E31: ='CARP. METALICA'!D17 -> 0.026550342 | F31: =D31*$E$13 -> 6.7538117e+08 | G31: =E31*$E$13 -> 6.7538117e+08
C32: DIVISIONES | D32: =DIVISIONES!C17 -> 0.025753464 | E32: =DIVISIONES!D17 -> 0.025753464 | F32: =D32*$E$13 -> 6.5511038e+08 | G32: =E32*$E$13 -> 6.5511038e+08
C33: EQUIPAMIENTO BAÑOS - OTROS | D33: ='EQUIPAMIENTO BAÑOS'!C17 -> 0.017004868 | E33: =PINTURA!D17 -> 0.012505746 | F33: =D33*$E$13 -> 4.3256572e+08 | G33: =E33*$E$13 -> 3.1811815e+08
C34: PINTURA | D34: =PINTURA!C17 -> 0.012505746 | E34: =PINTURA!D17 -> 0.012505746 | F34: =D34*$E$13 -> 3.1811815e+08 | G34: =E34*$E$13 -> 3.1811815e+08
C35: OBRAS EXTERIORES - CERRAMIENTOS | D35: ='OBRAS EXTERIORES'!C17 -> 0.0011381181 | E35: ='OBRAS EXTERIORES'!D17 -> 0.0006629284 | F35: =D35*$E$13 -> 28951172 | G35: =E35*$E$13 -> 16863412
C36: LIMPIEZA - VARIOS | D36: ='LIMPIEZA VARIOS'!C17 -> 0.0041817917 | E36: ='LIMPIEZA VARIOS'!D17 -> 0.0041807567 | F36: =D36*$E$13 -> 1.0637541e+08 | G36: =E36*$E$13 -> 1.0634908e+08
C37: RED CONTRAINCENDIOS | D37: =RCI!C17 -> 0.0098707086 | E37: =RCI!D17 -> 0.0098707086 | F37: =D37*$E$13 -> 2.510887e+08 | G37: =E37*$E$13 -> 2.510887e+08
C38: SISTEMA DE AIRE ACONDICIONADO Y VENTILACION MECANICA | D38: ='AIRE ACONDICIONADO'!C17 -> 0.063049007 | E38: ='AIRE ACONDICIONADO'!D17 -> 0.063049007 | F38: =D38*$E$13 -> 1.6038254e+09 | G38: =E38*$E$13 -> 1.6038254e+09
C39: REDES GASES MEDICINALES | D39: ='GASES MEDICINALES'!C17 -> 0.014235357 | E39: ='GASES MEDICINALES'!D17 -> 0.014235357 | F39: =D39*$E$13 -> 3.6211558e+08 | G39: =E39*$E$13 -> 3.6211558e+08
C40: SEÑALETICA HOSPITALARIA | D40: =SEÑALETICA!C17 -> 0.0050848226 | E40: =SEÑALETICA!D17 -> 0.00018923837 | F40: =D40*$E$13 -> 1.2934649e+08 | G40: =E40*$E$13 -> 4813800
C41: OBRAS COMPLEMENTARIAS | D41: ='OBRAS COMPLEMENTARIAS'!C17 -> 0 | E41: ='OBRAS COMPLEMENTARIAS'!D17 -> 0.025847022 | F41: =D41*$E$13 -> 0 | G41: =E41*$E$13 -> 6.574903e+08
C42: ADMINISTRACION | D42: =SUM(D15:D41)*(0.31) -> 0.20447647 | E42: =SUM(E15:E41)*(0.31) -> 0.20930549 | F42: =SUM(F6:F41)*(0.31) -> 5.201423e+09 | G42: =SUM(G6:G41)*(0.31) -> 5.3242624e+09
C43: EQUIPOS ELÉCTRICOS | D43: ='EQUIPOS ELECTR.'!C17 -> 0.0056098497 | E43: ='EQUIPOS ELECTR.'!D17 -> 0.0016707447 | F43: =D43*$E$13 -> 142702000
C44: EQUIPOS SENSORES | D44: ='EQUIPOS SENSORES'!C17 -> 0.0047272248 | E44: ='EQUIPOS SENSORES'!D17 -> 0.0047272248 | F44: =D44*$E$13 -> 120250000
C45: Realizar la adquisición de equipamiento fijo de trasmisión y recepción de audio | D45: ='EQUIPOS TRANSMISION'!C17 -> 0.0022708369 | E45: ='EQUIPOS TRANSMISION'!D17 -> 0.0022708369 | F45: =D45*$E$13 -> 57765000
C46: Realizar la adquisición de equipamiento fijo de elevación | D46: ='EQUIPOS FIJO ELEVACION'!C17 -> 0.046033931 | E46: ='EQUIPOS FIJO ELEVACION'!D17 -> 0.037680207 | F46: =D46*$E$13 -> 1.171e+09
C47: Realizar la adquisición de equipamiento fijo de bombeo | D47: ='EQUIPOS FIJO BOMBEO'!C17 -> 0.0044794828 | E47: ='EQUIPOS FIJO BOMBEO'!D17 -> 0.0044794828 | F47: =D47*$E$13 -> 113948000
C48: EQUIPOS AIRE ACONDICIONADO | D48: ='EQUIPOS AIRE '!C17 -> 0.072800692 | E48: ='EQUIPOS AIRE '!D17 -> 0.072800692 | F48: =D48*$E$13 -> 1.8518864e+09
C49: Total | D49: =SUM(D15:D48) -> 1 | E49: =SUM(E15:E48) -> 1.0081137 | F49: =SUM(F15:F48)-0.01 -> 2.5437758e+10 | G49: =SUM(G15:G48) -> 2.2499302e+10
A64: OBJETO | C64: REALIZAR LAS OBRAS NECESARIAS DE REPOSICION PARA EL MEJORAMIENO DE LA IPS TERON COLORADO, EN DESARROLLO DEL PROYECTO "FORTALECIMIENTO DE LA CAPACIDAD DE OPERACIÓN DE LA RED DE SALUD LADERA E.S.E. EN SANTIAGO DE CALI" CON FICHA BP-26005919, EN MARCO DEL CONVENIO INTERADMINISTRATIVO No. 4145.010.27.1.006-2025"
A65: CONTRATO NO. | C65: 00-2025-JCON-303
A66: CONTRATISTA | C66: CONSORCIO CENTRO DE SALUD TERRON COLORADO
A119: OBJETO | C119: REALIZAR LAS OBRAS NECESARIAS DE REPOSICION PARA EL MEJORAMIENO DE LA IPS TERON COLORADO, EN DESARROLLO DEL PROYECTO "FORTALECIMIENTO DE LA CAPACIDAD DE OPERACIÓN DE LA RED DE SALUD LADERA E.S.E. EN SANTIAGO DE CALI" CON FICHA BP-26005919, EN MARCO DEL CONVENIO INTERADMINISTRATIVO No. 4145.010.27.1.006-2025"
A120: CONTRATO NO. | C120: 00-2025-JCON-303
A121: CONTRATISTA | C121: CONSORCIO CENTRO DE SALUD TERRON COLORADO
